 Dungeon Crawl Stone Soup version 0.22.1-1-ga44c0e56f4 (webtiles) character file.

10476424 Artagas the Infernalist (level 27, 210/266 HPs)
             Began as a Red Draconian Wizard on Oct 18, 2018.
             Was a High Priest of Sif Muna.
             Escaped with the Orb
             ... and 15 runes on Oct 24, 2018!
             The game lasted 16:45:45 (160457 turns).

Artagas the Infernalist (Red Draconian Wizard)    Turns: 160457, Time: 16:45:46

Health: 210/266    AC: 37    Str: 22    XL:     27
Magic:  24/46      EV: 30    Int: 28    God:    Sif Muna [*****.]
Gold:   6951       SH: 18    Dex: 27    Spells: 3/76 levels left

rFire    + + +     SeeInvis +   a - +3 Elemental Staff {rElec rF++ rC++ MR++ AC+5}
rCold    + + +     Gourm    .   q - +3 shield of the Vestibule of Hell {Dex+3}
rNeg     + + +     Faith    .   (armour unavailable)
rPois    ∞         Spirit   .   d - +2 hat {starting gear.}
rElec    +         Reflect  .   X - +1 cloak of the Hart {MR+ Int+2 Dex+3}
rCorr    .         Harm     .   b - +1 pair of gloves {Dex+3}
MR       +++++     Clarity  +   i - +2 pair of boots "Hicet" {rN+ Str+4 Int-2}
Stlth    +.........             H - amulet "Zad Vaudd" {RegenMP *Corrode +Fly rF+ Str+8}
HPRegen  0.54/turn              k - ring of Robustness {AC+8}
MPRegen  0.55/turn              Q - ring of False Hope {+Blink rElec rC+ Dex+5 SInv}

@: lich-form, aura of abjuration, corroded, glowing, deflect missiles
A: (breathe fire), unfitting armour, clarity, deterioration 1, fire resistance
1, low mp 1, mutation resistance 1, electricity resistance, cold-blooded, AC +13
0: Orb of Zot
}: 15/15 runes: barnacled, slimy, silver, golden, iron, obsidian, icy, bone,
abyssal, demonic, glowing, magical, fiery, dark, gossamer
a: End Transformation, Divine Energy, Channel Magic, Forget Spell, Renounce
Religion, Evoke Blink, Evoke Flight


You escaped.
You worshipped Sif Muna.
Sif Muna was extremely pleased with you.
You were not hungry.
You were a lich.
You visited 18 branches of the dungeon, and saw 90 of its levels.
You visited Pandemonium 2 times, and saw 16 of its levels.
You visited the Abyss 3 times.
You completed 1 ziggurat, and saw 27 of its levels.
You also visited: Trove and Volcano.

You collected 14048 gold pieces.
You spent 7097 gold pieces at shops.

Inventory:

Hand Weapons
 a - the +3 Elemental Staff (weapon) {rElec rF++ rC++ MR++ AC+5}
   (You found it on level 14 of the Dungeon)

   It affects your AC (+5).
   It greatly protects you from fire.
   It greatly protects you from cold.
   It insulates you from electricity.
   It affects your resistance to hostile enchantments.
Missiles
 D - 17 throwing nets (quivered)
Armour
 b - a +1 pair of gloves of dexterity (worn)
   (You found it on level 24 of a ziggurat)
 d - a +2 hat (worn) {starting gear.}
 i - the +2 pair of boots "Hicet" (worn) {rN+ Str+4 Int-2}
   (You acquired it on level 1 of the Realm of Zot)

   It affects your strength (+4).
   It affects your intelligence (-2).
   It protects you from negative energy.
 q - the +3 shield of the Vestibule of Hell (worn) {Dex+3}
   (You found it on level 1 of the Tomb of the Ancients)

   It affects your dexterity (+3).
 X - the +1 cloak of the Hart (worn) {MR+ Int+2 Dex+3}
   (You found it on level 1 of the Orcish Mines)

   It affects your intelligence (+2).
   It affects your dexterity (+3).
   It affects your resistance to hostile enchantments.
Jewellery
 h - the ring "Xoroso" {rCorr Int+4}
   (You found it on level 21 of a ziggurat)

   [ring of resist corrosion]

   It affects your intelligence (+4).
 k - the ring of Robustness (left hand) {AC+8}
   (You found it on level 27 of a ziggurat)

   [ring of protection]

   It affects your AC (+8).
 H - the amulet "Zad Vaudd" (around neck) {RegenMP *Corrode +Fly rF+ Str+8}
   (You found it on level 25 of a ziggurat)

   [amulet of magic regeneration]

   It increases your magic regeneration.
   It affects your strength (+8).
   It protects you from fire.
   It lets you fly.
   It may corrode you when you take damage.
 J - the ring "Omamias" {rN++ MR+ AC+3 Str+4}
   (You found it on level 26 of a ziggurat)

   [ring of protection]

   It affects your AC (+3).
   It affects your strength (+4).
   It greatly protects you from negative energy.
   It affects your resistance to hostile enchantments.
 L - an uncursed amulet of magic regeneration
   (You bought it in a shop on level 2 of the Orcish Mines)
 Q - the ring of False Hope (right hand) {+Blink rElec rC+ Dex+5 SInv}
   (You took it off a tengu reaver on level 5 of the Vaults)

   [ring of see invisible]

   It affects your dexterity (+5).
   It protects you from cold.
   It insulates you from electricity.
   It lets you see invisible.
   It lets you blink.
 U - the amulet "Racvudag" {Harm *Drain rF+ Str+8 Dex-3}
   (You found it on level 7 of Gehenna)

   [amulet of harm]

   It increases damage dealt and taken.
   It affects your strength (+8).
   It affects your dexterity (-3).
   It protects you from fire.
   It causes draining when unequipped.
 Y - the amulet of the Four Winds {rN+ MR+++ Clar}
   (You found it on level 26 of a ziggurat)

   [amulet of nothing]

   It protects you from negative energy.
   It affects your resistance to hostile enchantments.
   It protects you against confusion.
Wands
 B - a wand of paralysis (48)
   (You bought it in a shop on level 2 of the Orcish Mines)
 E - a wand of digging (50)
   (You found it on level 6 of the Dungeon)
 F - a wand of acid (9)
   (You found it on level 1 of the Vaults)
 N - a wand of enslavement (17)
   (You found it on level 1 of the Lair of Beasts)
Scrolls
 e - 13 scrolls of fog
 f - 23 scrolls of identify
 g - 3 scrolls of summoning
 j - 14 scrolls of fear
 o - 50 scrolls of remove curse
 u - a scroll of amnesia
 w - 15 scrolls of blinking
 x - 14 scrolls of magic mapping
 y - 33 scrolls of teleportation
 K - 7 scrolls of immolation
 M - 10 scrolls of vulnerability
 V - 7 scrolls of holy word
Potions
 l - 22 potions of curing
 m - 10 potions of flight
 p - 15 potions of mutation
 r - 9 potions of magic
 s - 3 potions of resistance
 t - 3 potions of brilliance
 v - 3 potions of heal wounds
 z - 7 potions of cancellation
 A - a potion of berserk rage
 G - 2 potions of ambrosia
 I - 7 potions of lignification
 P - a potion of might
 R - 3 potions of invisibility
 S - 4 potions of haste
Miscellaneous
 n - 10 phantom mirrors
 C - the horn of Geryon
   (You took it off Geryon in the Vestibule of Hell)
 O - a fan of gales
   (You found it on level 15 of the Dungeon)
 T - 10 sacks of spiders
 W - 9 boxes of beasts
 Z - a +1 figurine of a ziggurat
Comestibles
 c - 27 rations


   Skills:
 + Level 25.4 Fighting
   Level 7.0 Long Blades
 - Level 12.0 Staves
 - Level 16.0 Dodging
 - Level 13.0 Stealth
 - Level 15.0 Shields
 + Level 25.0 Spellcasting
 O Level 27 Conjurations
 - Level 13.1 Charms
 - Level 15.0 Summonings
 - Level 21.0 Necromancy
 - Level 3.0 Translocations
 - Level 16.0 Transmutations
 O Level 27 Fire Magic
 - Level 3.0 Air Magic
 O Level 27 Earth Magic
   Level 3.0 Poison Magic
 - Level 21.0 Invocations
 - Level 17.0 Evocations


You had 3 spell levels left.
You knew the following spells:

 Your Spells              Type           Power        Failure   Level  Hunger
a - Fire Storm            Conj/Fire      ########..   1%          9    N/A
b - Shatter               Erth           ########..   1%          9    N/A
c - Orb of Destruction    Conj           ########..   0%          7    N/A
d - Necromutation         Tmut/Necr      ########..   2%          8    N/A
e - Blink                 Tloc           N/A          1%          2    N/A
f - Spellforged Servitor  Conj/Summ      ########..   1%          7    N/A
g - Regeneration          Chrm/Necr      ########..   0%          3    N/A
h - Deflect Missiles      Chrm/Air       ######....   4%          6    N/A
i - Borgnjor's Revivific  Necr           ########..   1%          8    N/A
j - Aura of Abjuration    Summ           #######...   1%          5    N/A
k - Ignition              Fire           ########..   1%          8    N/A
l - Apportation           Tloc           ######       1%          1    N/A

Your spell library contained the following spells:

 Spells                   Type           Power        Failure   Level  Hunger
 Animate Skeleton         Necr           N/A          0%          1    N/A
 Beastly Appendage        Tmut           ######       0%          1    N/A
 Flame Tongue             Conj/Fire      #####        0%          1    N/A
 Infusion                 Chrm           ####         0%          1    N/A
 Magic Dart               Conj           ####         0%          1    N/A
 Pain                     Necr           ####         0%          1    N/A
 Sandblast                Erth           ######       0%          1    N/A
 Shock                    Conj/Air       ####         0%          1    N/A
 Sting                    Conj/Pois      ####         0%          1    N/A
 Summon Butterflies       Summ           #######.     0%          1    N/A
 Summon Small Mammal      Summ           ####         0%          1    N/A
 Call Imp                 Summ           #######.     0%          2    N/A
 Corpse Rot               Necr           N/A          0%          2    N/A
 Passwall                 Tmut/Erth      ########     0%          2    N/A
 Searing Ray              Conj           ######       0%          2    N/A
 Song of Slaying          Chrm           #######.     0%          2    N/A
 Sticks to Snakes         Tmut           #######.     0%          2    N/A
 Sublimation of Blood     Necr           ########..   0%          2    N/A
 Throw Flame              Conj/Fire      ######       0%          2    N/A
 Throw Frost              Conj/Ice       ######       0%          2    N/A
 Call Canine Familiar     Summ           #######.     0%          3    N/A
 Conjure Flame            Conj/Fire      ########     0%          3    N/A
 Dazzling Spray           Conj/Hex       ######       0%          3    N/A
 Ignite Poison            Fire/Tmut/Pois #######.     0%          3    N/A
 Inner Flame              Hex/Fire       #######.     0%          3    N/A
 Static Discharge         Conj/Air       #######.     0%          3    N/A
 Stone Arrow              Conj/Erth      ######       0%          3    N/A
 Vampiric Draining        Necr           ########..   0%          3    N/A
 Confusing Touch          Hex            #####.       1%          1    N/A
 Corona                   Hex            #####..      1%          1    N/A
 Freeze                   Ice            ####         1%          1    N/A
 Ensorcelled Hibernation  Hex/Ice        #####.       1%          2    N/A
 Poisonous Vapours        Pois/Air       ######       1%          2    N/A
 Shroud of Golubria       Chrm/Tloc      ######....   1%          2    N/A
 Slow                     Hex            #####...     1%          2    N/A
 Swiftness                Chrm/Air       ######..     1%          2    N/A
 Gell's Gravitas          Tloc           ######....   1%          3    N/A
 Lesser Beckoning         Tloc           ######....   1%          3    N/A
 Mephitic Cloud           Conj/Pois/Air  #######.     1%          3    N/A
 Ozocubu's Armour         Chrm/Ice       ######..     1%          3    N/A
 Portal Projectile        Hex/Tloc       #####.       1%          3    N/A
 Recall                   Summ/Tloc      N/A          1%          3    N/A
 Spectral Weapon          Hex/Chrm       ######..     1%          3    N/A
 Spider Form              Tmut/Pois      ######....   1%          3    N/A
 Summon Guardian Golem    Hex/Summ       ######..     1%          3    N/A
 Teleport Other           Tloc           ######..     1%          3    N/A
 Confuse                  Hex            #####...     2%          3    N/A
 Tukima's Dance           Hex            #####...     2%          3    N/A
 Animate Dead             Necr           N/A          0%          4    N/A
 Iskenderun's Mystic Bla  Conj           ########     0%          4    N/A
 Petrify                  Tmut/Erth      ########     0%          4    N/A
 Sticky Flame             Conj/Fire      ########     0%          4    N/A
 Agony                    Necr           ########     0%          5    N/A
 Bolt of Draining         Conj/Necr      ########..   0%          5    N/A
 Bolt of Magma            Conj/Fire/Erth ########..   0%          5    N/A
 Borgnjor's Vile Clutch   Necr/Erth      ########..   0%          5    N/A
 Dispel Undead            Necr           ########     0%          5    N/A
 Fireball                 Conj/Fire      ########..   0%          5    N/A
 Irradiate                Conj/Tmut      ########..   0%          5    N/A
 Iskenderun's Battlesphe  Conj/Chrm      #######.     0%          5    N/A
 Lee's Rapid Deconstruct  Erth           ########..   0%          5    N/A
 Bolt of Fire             Conj/Fire      ########..   0%          6    N/A
 Iron Shot                Conj/Erth      ########..   0%          6    N/A
 Force Lance              Conj/Tloc      #######.     1%          4    N/A
 Fulminant Prism          Conj/Hex       #######...   1%          4    N/A
 Ice Form                 Ice/Tmut       ######..     1%          4    N/A
 Leda's Liquefaction      Hex/Erth       #######...   1%          4    N/A
 Summon Ice Beast         Ice/Summ       ######..     1%          4    N/A
 Summon Lightning Spire   Summ/Air       ######..     1%          4    N/A
 Throw Icicle             Conj/Ice       #######.     1%          4    N/A
 Alistair's Intoxication  Tmut/Pois      ######..     1%          5    N/A
 Blade Hands              Tmut           #######...   1%          5    N/A
 Excruciating Wounds      Chrm/Necr      ########..   1%          5    N/A
 Lightning Bolt           Conj/Air       #######...   1%          5    N/A
 Summon Demon             Summ           #######...   1%          5    N/A
 Summon Forest            Summ/Tloc      ######....   1%          5    N/A
 Summon Mana Viper        Hex/Summ       ######..     1%          5    N/A
 Venom Bolt               Conj/Pois      #######...   1%          5    N/A
 Yara's Violent Unravell  Hex/Tmut       ######....   1%          5    N/A
 Bolt of Cold             Conj/Ice       #######...   1%          6    N/A
 Conjure Ball Lightning   Conj/Air       #######...   1%          6    N/A
 Death Channel            Necr           ########..   1%          6    N/A
 Hydra Form               Tmut           #######...   1%          6    N/A
 Poison Arrow             Conj/Pois      #######...   1%          6    N/A
 Shadow Creatures         Summ           N/A          1%          6    N/A
 Simulacrum               Ice/Necr       #######...   1%          6    N/A
 Statue Form              Tmut/Erth      ########.    1%          6    N/A
 Dragon Form              Tmut           #######...   1%          7    N/A
 Haunt                    Necr/Summ      ########..   1%          7    N/A
 Monstrous Menagerie      Summ           #######...   1%          7    N/A
 Ring of Flames           Chrm/Fire      #######...   1%          7    N/A
 Summon Greater Demon     Summ           #######...   1%          7    N/A
 Summon Hydra             Summ           #######...   1%          7    N/A
 Infestation              Necr           ########..   1%          8    N/A
 Lehudib's Crystal Spear  Conj/Erth      ########..   1%          8    N/A
 Airstrike                Air            ######....   2%          4    N/A
 Olgreb's Toxic Radiance  Pois           ######..     2%          4    N/A
 Freezing Cloud           Conj/Ice/Air   ######....   2%          6    N/A
 Death's Door             Chrm/Necr      ########..   4%          8    N/A
 Cause Fear               Hex            #####.....   9%          4    N/A
 Chain Lightning          Conj/Air       #######...   12%         8    N/A
 Summon Horrible Things   Summ           #######...   12%         8    N/A
 Silence                  Hex/Air        #####.....   13%         5    N/A
 Malign Gateway           Summ/Tloc      ######....   19%         7    N/A
 Metabolic Englaciation   Hex/Ice        #####.....   24%         5    N/A
 Dispersal                Tloc           ######....   36%         6    N/A
 Darkness                 Hex            #####.....   78%         6    N/A
 Invisibility             Hex            #####...     78%         6    N/A
 Ozocubu's Refrigeration  Ice            #####.....   78%         6    N/A
 Dragon's Call            Summ           #######...   88%         9    N/A
 Glaciate                 Conj/Ice       #######...   98%         9    N/A
 Controlled Blink         Tloc           N/A          100%        8    N/A
 Discord                  Hex            #####.....   100%        8    N/A
 Disjunction              Tloc           ######....   100%        8    N/A
 Tornado                  Air            ######....   100%        9    N/A
 Passage of Golubria      Tloc           Unusable     N/A         4    N/A

Dungeon Overview and Level Annotations

Branches:
Dungeon (15/15)            Temple (1/1) D:5            Lair (6/6) D:8
 Shoals (4/4) Lair:3       Spider (4/4) Lair:4        Slime (5/5) Lair:6
    Orc (2/2) D:10            Elf (3/3) Orc:2        Vaults (5/5) D:14
  Crypt (3/3) Vaults:2       Tomb (3/3) Crypt:3      Depths (5/5) D:15
   Hell (1/1)                 Dis (7/7) Hell            Geh (7/7) Hell
    Coc (7/7) Hell            Tar (7/7) Hell            Zot (5/5) Depths:5

Altars:
Ashenzari
Cheibriados
Dithmenos
Elyvilon
Fedhas
Gozag
Hepliaklqana
Kikubaaqudgha
Makhleb
Nemelex Xobeh
Okawaru
Qazlal
Ru
Sif Muna
Trog
Uskayaw
Vehumet
Wu Jian
Xom
Yredelemnul
Zin
The Shining One
Beogh
Lugonu

Shops:
D:5 ?   D:10 :[:   Orc:1 [   Orc:2 =}((   Elf:1 =   Elf:3 }   Shoals:1 ?
Shoals:4 }((*   Vaults:2 *

Portals:
Hell: Depths:1 Depths:2 Depths:3 Depths:4 Depths:5
Abyss: Crypt:1 Depths:4 Depths:5
Pandemonium: Depths:3

Annotations:
D:10 1 runed door
D:13 2 runed doors


Innate Abilities, Weirdness & Mutations

((You can breathe blasts of fire.))
Your fiery red scales are hard. (AC +13)
You cannot fit into any form of body armour.
Your flesh is heat resistant. (rF+)
You are cold-blooded and may be slowed by cold attacks.
You possess an exceptional clarity of mind.
Your body sometimes deteriorates upon taking damage.
Your magical capacity is low. (-10% MP)
You are somewhat resistant to further mutation.
You are resistant to electric shocks. (rElec)


Message History

Aim: a soul eater The wavering orb of destruction weakly hits the soul eater.
The soul eater is heavily wounded.
You block the soul eater's attack.
Casting: Orb of Destruction (safe; 0% risk of failure)
Confirm with . or Enter, or press ? or * to list all spells.
Aiming: Orb of Destruction (safe; 0% risk of failure)
Press: ? - help, Shift-Dir - straight line, f/p - soul eater
Aim: a soul eater (heavily wounded)
The wavering orb of destruction weakly hits the soul eater.
You blow up the soul eater!
A pandemonium lord and a small abomination come into view.
Casting: Orb of Destruction (safe; 0% risk of failure)
Confirm with . or Enter, or press ? or * to list all spells.
The dungeon rumbles!
Jazafuwy is lightly wounded.
You destroy the small abomination!
Sif Muna accepts your kill.
Ka-crash!
Casting: Shatter (safe; 1% risk of failure)
Confirm with . or Enter, or press ? or * to list all spells.
The dungeon rumbles!
Jazafuwy is moderately wounded.
Ka-crash!
You hear a roar!
Jazafuwy gestures at you.
You feel haunted.
Casting: Shatter (safe; 1% risk of failure)
Confirm with . or Enter, or press ? or * to list all spells.
You begin to abjure the creatures around you!
The phantom shudders.
The wraith shudders.
The freezing wraith shudders.
The phantom blinks!
Casting: Aura of Abjuration (safe; 1% risk of failure)
Confirm with . or Enter, or press ? or * to list all spells.
The dungeon rumbles!
You destroy the wraith!
The freezing wraith is severely damaged.
The phantom is moderately damaged.
Jazafuwy is heavily wounded.
Ka-crash!
The phantom shudders.
The freezing wraith shudders.
You hear a roar!
Jazafuwy gestures.
The phantom shudders.
The freezing wraith shudders.
You block the freezing wraith's attack. The freezing wraith hits you!
A daeva comes into view.
It is wielding an eudemon blade of holy wrath.
Casting: Shatter (safe; 1% risk of failure)
Confirm with . or Enter, or press ? or * to list all spells.
You don't have enough magic to cast that spell.
Your blink will be uncontrolled - continue anyway?
Okay, then.
The phantom shudders.
The hellwing disappears in a puff of smoke!
The freezing wraith disappears in a puff of smoke!
You block the phantom's attack.
Casting: Shatter (safe; 1% risk of failure)
Confirm with . or Enter, or press ? or * to list all spells.
The dungeon rumbles!
You destroy the phantom!
Jazafuwy is heavily wounded.
The daeva is lightly wounded.
Ka-crash!
Jazafuwy gestures at you.
You feel haunted.
The wraith shudders.
The daeva calls down the wrath of the Shining One upon you.
The Shining One smites you! The wraith barely misses you.
The wraith shudders.
The phantom shudders.
The wraith shudders.
Jazafuwy gestures.
The daeva calls down the wrath of the Shining One upon you.
The Shining One smites you!
The phantom shudders.
The wraith disappears in a puff of smoke!
The sun demon shudders. x2
The sun demon shouts!
You block the sun demon's attack.
There is a staircase leading out of the dungeon here.
Casting: Shatter (safe; 1% risk of failure)
Confirm with . or Enter, or press ? or * to list all spells.
The dungeon rumbles!
The sun demon is heavily wounded.
Jazafuwy is severely wounded.
The phantom is almost destroyed.
The sun demon is lightly wounded.
The ynoxinul is heavily wounded.
The daeva is moderately wounded.
Ka-crash!
The phantom shudders.
The sun demon disappears in a puff of smoke!
The ynoxinul disappears in a puff of smoke!
The sun demon disappears in a puff of smoke!
You hear a shout!
You hear a roar!
Throwing (i - inventory)
D - 17 throwing nets (quivered)
Press: ? - help, Shift-Dir - straight line, f - Jazafuwy
Aim: Jazafuwy (grey smoke, severely wounded, haloed)
Okay, then.
You feel less invigorated.
The phantom disappears in a puff of smoke!
Jazafuwy hits you!!
Your corrosive artefact corrodes you!
You have escaped!

......#.#§#.#. ...#....# #..#####
###.###.....#.#........###.......
# #.........#...........##.######
########...#..#......##.##.## ##
.## #..#...#...#.#.......# ##.
..## #.#......A.#.........###..
...## #..#.##.#.#.#..#.###.##...
....####...#..#&....#....##.#....
....+.........§.L...........+....
....###.......#.#...#....##.#....
...## #...............#.###.##...
..## #..#....#...#.........###..
.## #......#.#.#....#.##### ##.
## ##.....#.#........# ## #
##.##.#####.####.# # ###### #.#
## #.# # .....# #.# #.# ##


You could see Jazafuwy and a daeva.

Vanquished Creatures
  Cerebov (Pan)
  Antaeus (Coc:7)
  Asmodeus (Geh:7)
  the Royal Jelly (Slime:5)
  Ereshkigal (Tar:7)
  Dispater (Dis:7)
  2 orbs of fire (Zot:5)
  12 ancient liches
  21 greater mummies
  Bai Suzhen (Crypt:1)
  4 shard shrikes
  3 curse toes
  Frederick (Depths:4)
  13 pandemonium lords
  7 Killer Klowns (Zig:25)
  A caustic shrike (Depths:2)
  19 golden dragons
  Jory (Vaults:2)
  Nikola (Shoals:2)
  Geryon (Hell)
  3 bone dragons (Zig:24)
  3 profane servitors
  17 Brimstone Fiends
  11 Tzitzimimeh
  3 doom hounds
  3 iron giants
  3 electric golems
  27 tentacled monstrosities
  8 liches
  The ghost of greenfork the Eclecticist, an adept DEFE of Gozag (Vaults:3)
  Rupert (Lair:5)
  12 Ice Fiends
  6 Hell Sentinels
  14 Orb Guardians
  13 quicksilver dragons
  A quicksilver dragon (shapeshifter) (Zig:25)
  Murray (Hell)
  A deep elf blademaster (Elf:2)
  12 titans
  A deep elf master archer (Elf:3)
  2 eldritch tentacles
  23 Executioners
  Frances (D:13)
  7 death cobs
  15 acid blobs
  3 tentacled starspawn
  A kraken (Shoals:4)
  17 ancient champions
  19 shadow dragons
  16 sphinxes
  14 draconian monks
  2 thorn hunters (Zig:20)
  12 storm dragons
  9 revenants
  8 azure jellies (Slime:5)
  11 daevas
  4 nagarajas
  10 tengu reavers
  16 frost giants
  14 draconian knights
  8 deep elf sorcerers
  11 ghost moths
  3 orc warlords
  10 emperor scorpions
  20 cacodemons
  4 ghouls
  14 fire giants
  20 vault wardens
  9 iron dragons
  2 warmongers (Pan)
  13 draconian annihilators
  7 curse skulls
  11 draconian scorchers
  18 draconian stormcallers
  8 draconian shifters
  11 angels (Pan)
  18 ironheart preservers
  A spriggan defender (Depths:5)
  17 balrugs
  6 deep elf elementalists
  45 reapers
  12 entropy weavers
  11 vampire knights
  16 war gargoyles
  26 stone giants
  A juggernaut skeleton (Zig:15)
  28 very ugly things
  7 ophanim (Pan)
  A caustic shrike skeleton (Zig:11)
  9 apis (Pan)
  11 green draconians
  6 blood saints (Pan)
  12 black draconians
  14 lorocyprocas
  7 bennus
  6 deep elf demonologists
  7 corrupters (Pan)
  8 black suns
  14 yellow draconians
  8 purple draconians
  9 deep elf annihilators
  10 red draconians
  10 white draconians
  5 spark wasps
  The ghost of Juadony the Fighter, a journeyman GrFi of the Shining One (D:13)
  14 merfolk impalers
  14 ettins
  13 merfolk javelineers
  10 deep elf death magi
  7 eidola
  27 mummy priests
  20 blizzard demons
  7 death oozes (Slime:5)
  18 green deaths
  A kraken zombie (Coc:7)
  7 jiangshi
  The ghost of Divine the Cleaver, a journeyman HOFi of Beogh (Orc:1)
  11 fire dragons
  A spectral kraken (Tar:7)
  2 quicksilver dragon skeletons
  8 great orbs of eyes
  Harold (D:7)
  5 deep elf high priests
  26 ice dragons
  34 vault guards
  6 hell beasts
  Erolcha (Orc:2)
  7 rakshasas
  2 quicksilver dragon zombies
  21 hydras
  17 yaktaur captains
  4 spriggan air magi
  A hydra (shapeshifter) (Vaults:5)
  4 monstrous demonspawn (Pan)
  4 alligator snapping turtles
  8 centaur warriors
  A ghost crab (Zig:20)
  2 catoblepae (D:14)
  8 merfolk avatars
  29 dancing weapons
  3 alligators (Zig:20)
  6 merfolk aquamancers
  7 death knights
  10 deep troll shamans
  33 two-headed ogres
  16 ogre magi
  A two-headed ogre (shapeshifter) (Zig:12)
  3 satyrs
  A satyr (shapeshifter) (Zig:26)
  4 death yaks (Depths:4)
  9 tengu warriors
  33 death scarabs
  13 deep troll earth magi
  A spriggan berserker (Depths:4)
  21 hell hogs
  3 holy swine (Pan)
  6 orc high priests
  7 titan zombies
  13 vampire magi
  A shock serpent (shapeshifter) (Depths:1)
  5 thrashing horrors (Abyss:4)
  5 storm dragon zombies
  2 spectral elves (Zig:18)
  122 skeletal warriors
  41 soul eaters
  54 sun demons
  19 deep elf knights
  A spatial maelstrom (Abyss:5)
  3 wretched stars
  21 shadow wraiths
  6 anaconda zombies
  A sea snake (shapeshifter) (Zig:26)
  A salamander mystic (Depths:2)
  3 iron trolls
  34 hell knights
  3 storm dragon skeletons
  5 golden dragon zombies
  34 sixfirhies
  2 quicksilver dragon simulacra (Hell)
  3 titan skeletons
  12 sea snakes
  13 flayed ghosts
  39 deep trolls
  4 unseen horrors
  A spark wasp zombie (Zig:13)
  23 deep elf archers
  6 gelid demonspawn (Pan)
  5 cherubim (Pan)
  7 death drakes
  3 spriggan druids
  A swamp dragon (shapeshifter) (Zig:25)
  9 wizards
  A naga ritualist (Zig:22)
  A harpy (shapeshifter) (Zig:12)
  2 shambling mangroves
  3 tengu zombies
  9 glowing orange brains
  6 torturous demonspawn (Pan)
  5 infernal demonspawn
  21 shadow demons
  12 swamp dragons
  4 shadow dragon zombies
  5 golden dragon skeletons
  10 orc knights
  A lindwurm (Lair:6)
  14 ironbrand convokers
  Pikel (D:9)
  3 anaconda skeletons
  6 wolf spider zombies
  5 sphinx zombies
  23 orb spiders
  4 orange crystal statues
  9 orc sorcerers
  2 iron dragon zombies
  12 phantasmal warriors
  10 harpies
  3 frost giant zombies
  68 deep elf magi
  16 necromancers
  39 wolf spiders
  32 ugly things
  17 cyclopes
  4 stone giant zombies
  2 fire giant zombies
  3 worldbinders
  19 manticores
  4 fauns
  11 shining eyes
  7 oklob plants
  4 shadow dragon skeletons
  7 salamanders
  5 elephants
  29 moths of wrath
  3 salamanders (shapeshifter)
  2 apocalypse crabs
  5 fire giant skeletons
  An eye of devastation (shapeshifter) (Vaults:4)
  9 vault sentinels
  2 iron dragon skeletons
  19 rust devils
  6 molten gargoyles
  12 water nymphs
  5 eyes of devastation
  2 frost giant skeletons
  9 torpor snails
  5 merfolk sirens
  3 guardian serpents (Zig:22)
  2 guardian serpents (shapeshifter)
  12 spiny frogs
  2 naga magi (Zig:9)
  A dire elephant zombie (Coc:1)
  A spectral swamp worm (Tar:7)
  22 orange demons
  3 gargoyles
  3 ice statues
  A centaur skeleton (D:13)
  24 smoke demons
  4 stone giant skeletons
  7 storm dragon simulacra
  5 black mambas
  2 spiny frogs (shapeshifter)
  A titan simulacrum (Coc:7)
  3 elf skeletons
  2 shock serpent skeletons
  A dire elephant skeleton (Coc:7)
  2 catoblepas zombies (Geh:2)
  A kobold demonologist (Depths:4)
  5 rime drakes
  9 swamp worm zombies (Crypt:2)
  50 demonic crawlers
  32 tormentors
  3 efreet
  An emperor scorpion zombie (Dis:4)
  33 hellions
  25 ice devils
  4 ancient zymes
  7 tengu conjurers
  27 freezing wraiths
  A yaktaur (shapeshifter) (Depths:2)
  A minotaur skeleton (Tar:1)
  An entropy weaver simulacrum (Vaults:3)
  9 komodo dragons
  71 yaktaurs
  68 guardian mummies
  A catoblepas skeleton (Crypt:3)
  A green draconian skeleton (Crypt:3)
  A spectral glowing shapeshifter (Zig:18)
  9 hellwings
  59 merfolk
  A black draconian skeleton (Crypt:1)
  2 spriggan skeletons
  A yaktaur skeleton (Vaults:3)
  2 harpy zombies
  23 red devils
  3 polar bears
  7 trolls
  11 hydra zombies
  36 jumping spiders
  A tengu simulacrum (Depths:1)
  A meliai (shapeshifter) (Elf:2)
  37 hornets
  A raiju (Zig:3)
  3 ettin zombies
  2 harpy skeletons
  3 fire dragon zombies
  A meliai (Abyss:5)
  A wind drake (shapeshifter) (Depths:4)
  A guardian serpent zombie (Crypt:2)
  4 tyrant leeches (Zig:20)
  62 slime creatures
  18 wind drakes
  3 alligator zombies
  2 ice dragon zombies
  A meliai zombie (D:12)
  A stone giant simulacrum (Hell)
  5 dream sheep
  11 blink frogs
  A dream sheep (shapeshifter) (Vaults:5)
  10 hippogriffs
  16 snapping turtles
  7 hydra skeletons
  8 bog bodies
  A hippogriff (shapeshifter) (Depths:2)
  46 large abominations
  A black mamba zombie (Dis:7)
  An alligator skeleton (Geh:7)
  2 tarantellas (shapeshifter)
  28 starcursed masses
  87 flying skulls
  12 air elementals
  24 tarantellas
  5 centaur simulacra (D:13)
  34 water elementals
  6 ice dragon skeletons
  6 ettin skeletons
  13 shadows
  82 redbacks
  A wind drake zombie (Crypt:2)
  7 wyverns
  2 fire dragon skeletons
  11 spriggans
  18 fire elementals
  26 wraiths
  27 ynoxinuls
  A dire elephant simulacrum (Hell)
  6 fire bats
  14 ushabtiu
  A basilisk (shapeshifter) (Vaults:2)
  29 yaks
  A black mamba skeleton (Pan)
  2 wyverns (shapeshifter) (Vaults:4)
  26 chaos spawn
  20 humans (D:14)
  9 golden eyes
  3 steam dragons
  Grum (Lair:1)
  7 basilisks
  14 vampire mosquitoes
  4 hungry ghosts
  30 neqoxecs
  5 wargs
  Menkaure (D:5)
  A deep troll zombie (Vaults:3)
  A harpy simulacrum (D:13)
  21 insubstantial wisps
  4 spatial vortices (Abyss:4)
  A soldier ant (D:12)
  2 torturous demonspawn zombies
  9 water moccasins
  Edmund (D:4)
  8 acid dragons
  9 spiny frog zombies
  39 hell hounds
  2 hydra simulacra (Coc:7)
  A swamp worm (shapeshifter) (Zig:12)
  Duvessa (D:5)
  2 floating eyes
  9 porcupines
  11 swamp drakes
  An alligator simulacrum (Coc:1)
  60 orc warriors
  6 ice beasts
  4 snapping turtle zombies
  A hornet zombie (D:14)
  4 slaves (D:9)
  4 spiny frog skeletons
  An eye of draining (shapeshifter) (Zig:26)
  3 sky beasts
  34 ogres
  9 eyes of draining
  3 snapping turtle skeletons
  17 boggarts
  11 necrophages
  7 phantoms
  2 wolves (Lair:1)
  A swamp dragon skeleton (Coc:4)
  20 centaurs
  2 crocodiles (shapeshifter)
  7 crocodiles
  A manticore skeleton (Pan)
  A salamander zombie (Crypt:2)
  A yaktaur zombie (Depths:1)
  3 big kobolds
  A glowing shapeshifter simulacrum (Vaults:2)
  A hippogriff skeleton (Crypt:3)
  6 elf zombies
  A wyvern zombie (D:14)
  27 bullfrogs
  Dowan (D:5)
  A raiju zombie (Crypt:3)
  11 small abominations
  A warg zombie (Crypt:3)
  6 killer bees
  A killer bee (shapeshifter) (Depths:2)
  An orc simulacrum (Vaults:1)
  61 wights
  6 electric eels
  4 howler monkeys
  A jelly (D:11)
  12 lava snakes
  16 crimson imps
  2 bullfrog zombies
  2 human simulacra (Vaults:3)
  4 centaur zombies
  26 orc wizards
  2 wyvern simulacra (D:13)
  A quasit (D:10)
  5 human zombies (D:7)
  5 hounds
  38 orc priests
  4 bullfrog skeletons
  14 iron imps
  3 human skeletons
  2 iguanas (D:8)
  12 hell rats (Hell)
  A porcupine zombie (Crypt:3)
  A troll simulacrum (Tomb:3)
  13 worker ants
  A lightning spire (Zig:19)
  A felid zombie (Crypt:1)
  A bullfrog simulacrum (D:13)
  3 tengu skeletons
  2 hound zombies
  43 mummies
  A worker ant zombie (D:11)
  13 adders
  8 gnolls
  A howler monkey skeleton (D:10)
  A steam dragon skeleton (Crypt:2)
  6 shadow imps
  11 white imps
  An ufetubus (Abyss:1)
  An ooze (Temple)
  3 adder skeletons
  8 worms
  3 ball lightnings
  A barachi zombie (Crypt:2)
  2 dart slugs (D:1)
  4 leopard geckos
  127 orcs
  3 ball pythons
  A bat skeleton (Crypt:2)
  7 giant cockroaches
  12 goblins
  7 hobgoblins
  18 jackals
  20 kobolds
  6 quokkas
  5 bats
  A jackal skeleton (D:10)
  An orc zombie (Geh:7)
  9 rats
  A block of ice (Pan)
  A bush (Lair:1)
  39 fire vortices
  18 plants
  3 starspawn tentacles (Abyss:5)
  8 tentacles
4913 creatures vanquished.

Vanquished Creatures (collateral kills)
  Gloorx Vloq (Pan)
  A seraph (Pan)
  the Serpent of Hell (Coc:7)
  Khufu (Tomb:3)
  6 orbs of fire (Zot:5)
  2 juggernauts (Zig:10)
  5 pandemonium lords
  Sojobo (Vaults:4)
  Boris (Crypt:1)
  8 greater mummies
  The ghost of Niman the Acrobat, a veteran MfGl of Ashenzari (Zot:4)
  2 Killer Klowns (Zig:25)
  4 golden dragons
  A profane servitor (Zig:18)
  A pearl dragon (Pan)
  2 bone dragons
  2 Tzitzimimeh
  2 iron giants
  4 Brimstone Fiends
  A doom hound (Tar:1)
  10 Ice Fiends
  2 Hell Sentinels
  2 liches
  6 tentacled monstrosities
  5 Orb Guardians (Zot:5)
  3 titans
  3 quicksilver dragons (Zig:23)
  3 deep elf blademasters
  A death cob (Zot:2)
  Asterion (Vaults:2)
  3 acid blobs
  2 sphinxes
  9 Executioners (Pan)
  An ancient champion (Tomb:1)
  2 shadow dragons
  A sphinx (shapeshifter) (Zig:25)
  2 tentacled starspawn
  4 storm dragons
  4 tengu reavers
  A revenant (Zig:18)
  2 draconian monks
  3 nagarajas (Zig:22)
  A draconian knight (Zig:27)
  Donald (Elf:3)
  An azure jelly (Slime:5)
  7 daevas (Pan)
  2 fire giants
  2 warmongers (Pan)
  5 frost giants
  2 deep elf sorcerers (Elf:3)
  A corrupter (Pan)
  4 vault wardens
  10 angels (Pan)
  A ghost moth (Zot:3)
  A caustic shrike zombie (Zig:16)
  A juggernaut zombie (Zig:17)
  10 iron dragons
  A draconian scorcher (Zig:27)
  6 emperor scorpions
  18 balrugs (Pan)
  15 cacodemons
  2 ghouls
  An ironheart preserver (Vaults:5)
  20 reapers
  14 very ugly things
  2 draconian stormcallers (Zot:2)
  2 draconian annihilators
  A spriggan defender (Depths:3)
  5 ophanim (Pan)
  2 elemental wellsprings (Coc:7)
  5 war gargoyles
  4 blood saints (Pan)
  4 stone giants
  10 apis (Pan)
  2 deep elf demonologists (Elf:3)
  9 bennus
  2 yellow draconians
  A dire elephant (shapeshifter) (Zig:25)
  A purple draconian (Zot:4)
  A lorocyproca (Tar:4)
  A spark wasp (Zig:19)
  A red draconian (Zot:5)
  2 black suns
  4 merfolk javelineers (Zig:21)
  12 blizzard demons
  15 green deaths
  A deep elf death mage (Zig:7)
  A crystal guardian (Zig:12)
  6 mummy priests
  4 ettins
  A quicksilver dragon zombie (Dis:6)
  5 merfolk impalers (Zig:21)
  A jiangshi (Zig:24)
  3 great orbs of eyes
  3 fire dragons (Zig:23)
  A yaktaur captain (Vaults:4)
  A hydra (Zig:20)
  4 rakshasas
  3 quicksilver dragon skeletons
  2 monstrous demonspawn (Pan)
  2 ice dragons
  4 hell beasts
  A death knight (Vaults:2)
  A ghost crab (Tar:4)
  A merfolk aquamancer (Zig:21)
  4 alligator snapping turtles (Zig:22)
  A satyr (Zig:21)
  An alligator (Zig:20)
  2 vampire magi
  6 death scarabs
  3 hell hogs
  2 deep troll earth magi
  A tengu warrior (Depths:1)
  A deep troll shaman (Depths:3)
  23 soul eaters
  2 titan zombies
  4 thrashing horrors
  2 iron golems
  A holy swine (Pan)
  2 hell knights
  A storm dragon zombie (Coc:6)
  A naga sharpshooter (Zig:22)
  42 sun demons
  A salamander mystic (Volcano)
  A spriggan (Depths:3)
  8 storm dragon skeletons
  A titan skeleton (Tar:5)
  22 skeletal warriors
  A wretched star (Abyss:4)
  11 sixfirhies (Pan)
  A spatial maelstrom (Zig:3)
  2 ghost moth zombies
  A torturous demonspawn (Pan)
  10 cherubim (Pan)
  4 death drakes
  2 golden dragon zombies
  5 shadow demons
  3 infernal demonspawn (Pan)
  6 deep trolls
  6 starcursed masses
  A swamp dragon (shapeshifter) (Depths:1)
  3 sea snakes (Zig:21)
  An anaconda zombie (Hell)
  2 gelid demonspawn (Pan)
  4 swamp dragons
  3 glowing orange brains (Pan)
  A deep troll (shapeshifter) (Zig:12)
  An orc knight (Vaults:4)
  6 phantasmal warriors
  2 necromancers (Hell)
  A frost giant zombie (Coc:3)
  2 shining eyes
  13 slime creatures
  A manticore (Zig:21)
  A salamander (Volcano)
  A fire giant zombie (Coc:7)
  A stone giant zombie (Coc:7)
  4 iron dragon zombies
  2 moths of wrath
  A guardian serpent (Abyss:4)
  A shock serpent zombie (Geh:1)
  3 fire giant skeletons
  6 ugly things
  An iron dragon skeleton (Pan)
  A merfolk siren (Zig:21)
  A naga mage (Zig:9)
  21 smoke demons
  16 rust devils
  A stone giant skeleton (Pan)
  7 molten gargoyles
  A vault sentinel (Vaults:5)
  An apocalypse crab (Abyss:4)
  A titan simulacrum (Coc:7)
  A hellion (Dis:2)
  22 orange demons
  4 spectral swamp worms (Tar:7)
  6 tormentors
  5 ice devils
  An emperor scorpion zombie (Dis:7)
  2 dire elephant skeletons (Pan)
  A swamp worm zombie (Crypt:2)
  8 efreet
  7 freezing wraiths
  4 hydra zombies
  A yaktaur (Vaults:3)
  An anaconda simulacrum (Coc:7)
  8 guardian mummies
  A hellwing (Pan)
  An ancient zyme (Abyss:4)
  10 demonic crawlers
  A catoblepas skeleton (Geh:2)
  A jumping spider (Spider:1)
  22 red devils
  A wolf spider simulacrum (Hell)
  A blink frog (Abyss:5)
  4 hornets
  10 merfolk
  5 raiju
  A tyrant leech (Zig:22)
  A hippogriff (Lair:4)
  2 ettin zombies
  3 snapping turtles (Zig:21)
  A fire dragon zombie (Dis:5)
  3 ice dragon zombies
  12 flying skulls
  A redback (Zig:19)
  A harpy skeleton (Coc:5)
  2 ettin skeletons
  A wyvern (Zig:23)
  A black mamba zombie (Dis:5)
  A tarantella (Zig:4)
  A fire dragon skeleton (Coc:7)
  A water elemental (Zig:21)
  7 shadows
  31 large abominations
  5 fire elementals
  4 ice dragon skeletons
  A fire bat (Abyss:4)
  2 ushabtiu
  3 golden eyes (Pan)
  7 ynoxinuls (Pan)
  9 wraiths
  2 steam dragons (Zig:23)
  A vampire mosquito (Zig:8)
  13 chaos spawn
  16 neqoxecs
  A merfolk zombie (Dis:7)
  3 spiny frog zombies
  5 hell hounds
  A floating eye (Pan)
  A two-headed ogre skeleton (Crypt:2)
  A spiny frog skeleton (Pan)
  An alligator simulacrum (Coc:3)
  A phantom (Tar:3)
  3 orc warriors
  A swamp drake (Zig:23)
  4 eyes of draining
  A black mamba simulacrum (Tar:5)
  2 snapping turtle zombies
  A manticore zombie (Dis:7)
  3 necrophages
  A crocodile (Lair:6)
  An earth elemental (Abyss:5)
  3 small abominations
  A killer bee (Abyss:4)
  3 wights
  2 crimson imps
  2 orc priests
  A quasit (Abyss:4)
  10 iron imps
  A naga zombie (Dis:2)
  A felid skeleton (Crypt:1)
  8 mummies
  A shadow imp (Tar:2)
  2 white imps
  A ball lightning (Pan)
  An orc (Vaults:4)
  A kobold (Crypt:1)
  24 fire vortices
  6 starspawn tentacles
1030 creatures vanquished.

Vanquished Creatures (others)
  Mnoleg (Pan)
  Lom Lobon (Pan)
  A curse toe (Zot:5)
  A lich (Pan)
  3 eldritch tentacles
  A sphinx (Zig:12)
  A draconian monk (Zig:27)
  A fire giant (Depths:2)
  A reaper (Tar:4)
  A kraken zombie (Coc:2)
  A death scarab (Tomb:2)
  A titan skeleton (Dis:2)
  A storm dragon zombie (Geh:7)
  A shadow demon (Tar:7)
  A gelid demonspawn (Pan)
  A black mamba (Lair:6)
  A sphinx zombie (Zig:16)
  A wolf spider zombie (Tomb:2)
  2 rust devils
  A molten gargoyle (Geh:7)
  2 spiny frogs
  An efreet (Pan)
  A harpy zombie (Coc:3)
  A jumping spider (shapeshifter) (Elf:2)
  A red devil (Hell)
  An ettin zombie (Tomb:2)
  5 flying skulls
  A redback (Spider:1)
  3 large abominations
  A water elemental (Coc:2)
  A golden eye (Abyss:5)
  An ogre (Depths:2)
  2 wights (Geh:2)
  A jelly (Zig:3)
  2 small abominations (Abyss:4)
  An orc priest (Orc:2)
  A mummy (Tomb:2)
  3 white imps
  30 ball lightnings
  798 fire vortices
  11 fungi
  2 lurking horrors (Abyss:5)
  21 plants
  22 starspawn tentacles
  30 tentacles
966 creatures vanquished.

Grand Total: 6909 creatures vanquished

Notes
Turn   | Place    | Note
-------+----------+-------------------------------------------
     0 | D:1      | Artagas the Draconian Wizard began the quest for the Orb.
     0 | D:1      | Reached XP level 1. HP: 14/14 MP: 4/4
   181 | D:1      | Reached skill level 2 in Conjurations
   371 | D:1      | Reached XP level 2. HP: 20/20 MP: 3/6
  1085 | D:1      | Learned a level 2 spell: Blink
  1282 | D:2      | Reached skill level 3 in Conjurations
  1367 | D:2      | Reached XP level 3. HP: 26/26 MP: 5/7
  1482 | D:2      | Learned a level 3 spell: Mephitic Cloud
  1881 | D:2      | Found a radiant altar of Vehumet.
  1882 | D:2      | Noticed a phantom
  1916 | D:2      | Killed a phantom
  1916 | D:2      | Reached skill level 1 in Air Magic
  1916 | D:2      | Reached skill level 1 in Poison Magic
  1916 | D:2      | Reached XP level 4. HP: 23/33 MP: 1/8
  2082 | D:2      | Reached XP level 5. HP: 36/38 MP: 6/9
  2684 | D:2      | Reached skill level 4 in Conjurations
  2684 | D:2      | Reached skill level 2 in Air Magic
  2684 | D:2      | Reached skill level 2 in Poison Magic
  3159 | D:3      | Found a blossoming altar of Fedhas.
  3310 | D:3      | Reached skill level 1 in Fighting
  3319 | D:3      | Reached XP level 6. HP: 46/47 MP: 4/10
  3421 | D:3      | Found a sparkling altar of Nemelex Xobeh.
  3423 | D:3      | Found an opulent altar of Gozag.
  3501 | D:3      | Found a glowing golden altar of the Shining One.
  3791 | D:3      | Found an iron altar of Okawaru.
  3982 | D:3      | Learned a level 3 spell: Conjure Flame
  4077 | D:3      | Reached skill level 2 in Fighting
  4158 | D:3      | Reached skill level 5 in Conjurations
  4522 | D:4      | Noticed Edmund
  4533 | D:4      | Killed Edmund
  4533 | D:4      | Reached skill level 3 in Fighting
  4790 | D:4      | Your scales start taking on a fiery red colour.
  4790 | D:4      | Reached XP level 7. HP: 56/57 MP: 4/11
  4790 | D:4      | Gained mutation: Your flesh is heat resistant. (rF+) [Red
                  | Draconian growth]
  4850 | D:4      | Found a glowing golden altar of the Shining One.
  4981 | D:4      | Found a basalt altar of Yredelemnul.
  5448 | D:4      | Reached skill level 6 in Conjurations
  5585 | D:4      | Noticed an angel
  5611 | D:5      | Entered Level 5 of the Dungeon
  5614 | D:5      | Noticed Dowan
  5615 | D:5      | Noticed Duvessa
  5627 | D:4      | Reached skill level 2 in Dodging
  5694 | D:5      | Killed Duvessa
  5849 | D:5      | Killed Dowan
  5849 | D:5      | Reached skill level 4 in Fighting
  5956 | D:5      | Found a burning altar of Makhleb.
  5956 | D:5      | Found a shimmering altar of Xom.
  5966 | D:5      | Reached skill level 3 in Dodging
  6274 | D:5      | Found Esecve's Magic Scroll Shop.
  6277 | D:5      | Bought a scroll of identify for 20 gold pieces
  6277 | D:5      | Bought a scroll of identify for 20 gold pieces
  6277 | D:5      | Bought a scroll of magic mapping for 35 gold pieces
  6277 | D:5      | Bought a scroll of identify for 20 gold pieces
  6277 | D:5      | Bought a scroll of teleportation for 30 gold pieces
  6277 | D:5      | Bought a scroll of identify for 20 gold pieces
  6282 | D:5      | Bought a scroll of summoning for 95 gold pieces
  6332 | D:5      | Reached skill level 4 in Spellcasting
  6354 | D:5      | Noticed Menkaure
  6356 | D:5      | Killed Menkaure
  6356 | D:5      | Reached XP level 8. HP: 66/66 MP: 12/14
  6552 | D:5      | Found a staircase to the Ecumenical Temple.
  6567 | Temple   | Entered the Ecumenical Temple
  6569 | Temple   | Reached skill level 4 in Dodging
  7194 | D:6      | Reached skill level 5 in Dodging
  7483 | D:7      | Found a sacrificial altar of Ru.
  7483 | D:7      | Found a white marble altar of Elyvilon.
  7505 | D:7      | Noticed Harold
  7844 | D:7      | Reached skill level 2 in Translocations
  7886 | D:7      | Identified a scroll of acquirement
  7961 | D:7      | Reached skill level 3 in Air Magic
  7961 | D:7      | Reached skill level 3 in Poison Magic
  8105 | D:7      | Reached skill level 5 in Fighting
  8108 | D:7      | Reached skill level 3 in Translocations
  8237 | D:7      | Reached skill level 1 in Evocations
  8655 | D:7      | Reached skill level 2 in Evocations
  8655 | D:7      | Reached XP level 9. HP: 74/74 MP: 5/15
  8749 | D:7      | Found an ancient bone altar of Kikubaaqudgha.
  8811 | D:7      | Reached skill level 3 in Evocations
  8923 | D:7      | Reached skill level 7 in Conjurations
  9048 | D:7      | Killed Harold
  9048 | D:7      | Reached skill level 6 in Evocations
  9179 | D:7      | Got a steaming trident
  9180 | D:7      | Identified the cursed +1 trident "Iloaruiso" {pierce, rF+
                  | Dex+3} (You found it on level 7 of the Dungeon)
  9311 | D:7      | Found a stormy altar of Qazlal.
  9519 | D:8      | Reached skill level 5 in Spellcasting
  9888 | D:8      | Found a staircase to the Lair.
 10077 | D:8      | Reached skill level 6 in Fighting
 10376 | D:8      | Reached XP level 10. HP: 65/83 MP: 6/17
 10401 | D:8      | Got an iridescent long sword {venom}
 10402 | D:8      | Identified the +5 long sword of Ruination {venom, Int+5}
                  | (You took it off a crimson imp on level 8 of the Dungeon)
 10840 | D:9      | Reached skill level 1 in Long Blades
 11086 | D:9      | Noticed Pikel
 11118 | D:9      | Killed Pikel
 11118 | D:9      | Reached skill level 2 in Long Blades
 11587 | D:9      | Reached skill level 7 in Fighting
 11759 | D:9      | Found a shadowy altar of Dithmenos.
 12087 | D:9      | Found a deep blue altar of Sif Muna.
 12179 | D:9      | Became a worshipper of Sif Muna the Loreminder
 12229 | Lair:1   | Entered Level 1 of the Lair of Beasts
 12381 | D:8      | Reached skill level 3 in Long Blades
 12381 | D:8      | Reached skill level 6 in Dodging
 12972 | Lair:1   | Reached skill level 4 in Long Blades
 12998 | Lair:1   | Reached skill level 8 in Conjurations
 13088 | Lair:1   | Noticed a four-headed hydra
 13117 | Lair:1   | Reached skill level 6 in Spellcasting
 13148 | Lair:1   | Noticed Grum
 13167 | Lair:1   | Killed Grum
 13296 | Lair:1   | Reached skill level 5 in Long Blades
 13852 | Lair:1   | Killed a four-headed hydra
 13852 | Lair:1   | Reached skill level 6 in Long Blades
 13852 | Lair:1   | Reached XP level 11. HP: 92/92 MP: 8/20
 14351 | Lair:2   | Reached skill level 7 in Long Blades
 14368 | Lair:2   | Reached * piety under Sif Muna
 14452 | Lair:2   | Reached skill level 9 in Conjurations
 15004 | Lair:2   | Reached skill level 1 in Fire Magic
 15008 | Lair:2   | Reached skill level 10 in Conjurations
 15008 | Lair:2   | Reached skill level 2 in Fire Magic
 15108 | Lair:2   | Reached skill level 3 in Fire Magic
 15175 | Lair:2   | Reached ** piety under Sif Muna
 15366 | Lair:2   | Noticed a five-headed hydra
 15409 | Lair:2   | Killed a six-headed hydra
 15409 | Lair:2   | Reached skill level 5 in Fire Magic
 15704 | Lair:3   | Reached skill level 6 in Fire Magic
 15821 | Lair:3   | Reached skill level 7 in Fire Magic
 16180 | Lair:3   | Reached XP level 12. HP: 54/100 MP: 2/21
 16556 | Lair:3   | Found a staircase to the Shoals.
 17010 | Lair:4   | Reached skill level 8 in Fighting
 17074 | Lair:4   | Reached skill level 7 in Dodging
 17166 | Lair:4   | Reached skill level 7 in Spellcasting
 17381 | Lair:4   | Found a dark tunnel.
 17394 | Volcano  | Entered a volcano
 17712 | Volcano  | Reached skill level 8 in Dodging
 17999 | Volcano  | Found a radiant altar of Vehumet.
 18001 | Volcano  | Noticed a red draconian
 18037 | Volcano  | Reached *** piety under Sif Muna
 18229 | Volcano  | Killed a red draconian
 18229 | Volcano  | Reached skill level 8 in Spellcasting
 18723 | Volcano  | Got a crude glass ring
 18759 | Volcano  | Identified the ring of the Many Princes {*Tele rPois Int+2
                  | Stlth-} (You took it off a salamander in a volcano)
 19184 | Lair:4   | Reached **** piety under Sif Muna
 19196 | Lair:4   | Found a hole to the Spider Nest.
 19315 | Lair:4   | Reached skill level 11 in Conjurations
 20026 | Lair:5   | Noticed an eight-headed hydra
 20070 | Lair:5   | Killed a ten-headed hydra
 20110 | Lair:5   | Reached skill level 8 in Fire Magic
 20131 | Lair:5   | Noticed Rupert
 20358 | Lair:5   | Paralysed by Rupert for 4 turns
 20513 | D:10     | Entered Level 10 of the Dungeon
 20720 | D:10     | Reached skill level 9 in Spellcasting
 20824 | D:10     | Found a portal to a secret trove of treasure.
 20889 | D:10     | Found a runed door.
 20892 | D:10     | Found a basalt altar of Yredelemnul.
 20938 | D:10     | Found Bokeliall's Antique Armour Emporium.
 20967 | D:10     | Found Lumoper's Book Emporium.
 21003 | D:10     | Found a staircase to the Orcish Mines.
 21032 | D:10     | Found Vil Ecef's Book Shop.
 21196 | D:10     | Bought a book of Fire for 780 gold pieces
 21202 | D:10     | Learned a level 5 spell: Fireball
 21209 | D:10     | Learned a level 6 spell: Bolt of Fire
 21265 | D:11     | Reached XP level 13. HP: 107/107 MP: 19/26
 21399 | D:11     | Reached ***** piety under Sif Muna
 21590 | D:10     | Identified Sif Muna's Handbook of Torrid Conjuration (Sif
                  | Muna gifted it to you on level 10 of the Dungeon)
 21590 | D:10     | Received a gift from Sif Muna
 21630 | D:11     | Reached skill level 9 in Fire Magic
 21758 | D:11     | Found a shimmering altar of Xom.
 22340 | D:12     | Reached skill level 10 in Fire Magic
 23849 | Orc:1    | Entered Level 1 of the Orcish Mines
 23849 | Orc:1    | Found a transporter.
 23850 | Orc:1    | Noticed Divine's ghost (journeyman HOFi)
 23904 | D:11     | Got an ichor-stained large shield
 23910 | D:11     | Identified the +6 large shield of Pathos {rF+} (You found
                  | it on level 11 of the Dungeon)
 23966 | Orc:1    | Reached skill level 1 in Shields
 24085 | Orc:1    | Found a transporter.
 24161 | Orc:1    | Reached skill level 11 in Fire Magic
 24351 | Orc:1    | Found Nouzext's Food Shop.
 24591 | Orc:1    | Reached skill level 2 in Shields
 24777 | Orc:2    | Entered Level 2 of the Orcish Mines
 24813 | Orc:2    | Reached skill level 3 in Shields
 25708 | Orc:2    | Noticed Erolcha
 25717 | Orc:2    | Killed Erolcha
 25717 | Orc:2    | Reached skill level 4 in Shields
 26189 | Orc:2    | Noticed an orc warlord
 26242 | Orc:2    | Killed an orc warlord
 26242 | Orc:2    | Reached skill level 9 in Fighting
 26901 | Orc:2    | Found a roughly hewn altar of Beogh.
 26912 | Orc:2    | Reached skill level 9 in Dodging
 26991 | Orc:2    | Found Purr's Gadget Emporium.
 26996 | Orc:2    | Bought a wand of paralysis (4) for 90 gold pieces
 27001 | Orc:2    | Found Duoluze's Jewellery Shoppe.
 27614 | Orc:2    | Noticed an orc warlord
 28141 | Orc:2    | Killed an orc warlord
 28286 | Orc:2    | Found a roughly hewn altar of Beogh.
 28315 | Orc:2    | Reached skill level 10 in Fighting
 28315 | Orc:2    | Reached XP level 14. HP: 110/121 MP: 11/27
 28316 | Orc:2    | Received a gift from Sif Muna
 28425 | Orc:2    | Found Qoak's Weapon Emporium.
 28801 | Orc:2    | Found Fazxolisi's Weapon Boutique.
 28804 | Orc:2    | Reached skill level 10 in Dodging
 29260 | Orc:2    | Found a staircase to the Elven Halls.
 29298 | Orc:2    | Reached skill level 1 in Invocations
 29567 | Orc:1    | Found Ceofymus's Armour Shoppe.
 29819 | Orc:2    | Bought an uncursed ring of poison resistance for 260 gold
                  | pieces
 29819 | Orc:2    | Bought an uncursed amulet of magic regeneration for 390
                  | gold pieces
 29819 | Orc:2    | Bought an uncursed ring of see invisible for 195 gold
                  | pieces
 30249 | Lair:5   | Reached skill level 2 in Invocations
 30361 | Lair:5   | Killed Rupert
 30806 | Lair:6   | Entered Level 6 of the Lair of Beasts
 31091 | Lair:6   | Reached skill level 7 in Evocations
 31100 | Lair:6   | Reached skill level 3 in Invocations
 31296 | D:13     | Noticed Frances
 31548 | D:13     | Found a glowing silver altar of Zin.
 31568 | D:13     | Found a runed gate.
 31568 | D:13     | Found a runed gate.
 31568 | D:13     | Found a runed gate.
 31684 | D:13     | Noticed Juadony's ghost (journeyman GrFi)
 31988 | D:13     | Reached skill level 4 in Invocations
 32428 | D:13     | Killed Frances
 32556 | D:13     | Reached skill level 11 in Fighting
 32556 | D:13     | Reached skill level 12 in Fire Magic
 33042 | D:14     | Reached skill level 5 in Invocations
 33355 | D:14     | Reached skill level 6 in Invocations
 33480 | D:14     | Reached skill level 13 in Fire Magic
 34036 | D:14     | Reached skill level 7 in Invocations
 34182 | D:14     | Reached XP level 15. HP: 93/129 MP: 12/28
 34397 | D:14     | Found a gate to the Vaults.
 34526 | D:14     | Identified Sif Muna's Almanac of Transmutation and
                  | Lightness (Sif Muna gifted it to you on level 14 of the
                  | Dungeon)
 34526 | D:14     | Received a gift from Sif Muna
 35444 | D:14     | Reached skill level 8 in Invocations
 35444 | D:14     | Reached skill level 10 in Spellcasting
 35640 | D:14     | Found an iron altar of Okawaru.
 36462 | D:14     | Found the +3 Elemental Staff {rElec rF++ rC++ MR++ AC+5}
 36469 | D:14     | Got an encrusted morningstar
 36470 | D:14     | Identified the +10 morningstar "Paren" {crush, Int+7
                  | Stlth+} (You found it on level 14 of the Dungeon)
 36636 | D:15     | Entered Level 15 of the Dungeon
 37478 | D:15     | Reached skill level 11 in Spellcasting
 38155 | D:15     | Identified Sif Muna's Reference Book on Attacks and
                  | Creation (Sif Muna gifted it to you on level 15 of the
                  | Dungeon)
 38155 | D:15     | Received a gift from Sif Muna
 38398 | D:15     | Noticed a frost giant
 38410 | D:15     | Killed a frost giant
 38410 | D:15     | Reached skill level 12 in Conjurations
 38572 | D:15     | Learned a level 5 spell: Lightning Bolt
 38607 | D:15     | Found a staircase to the Depths.
 39898 | Lair:6   | Found a staircase to the Slime Pits.
 40720 | Lair:6   | Found a large runed door.
 40720 | Lair:6   | Found a large runed door.
 40881 | Lair:6   | Reached skill level 12 in Spellcasting
 41054 | Spider:1 | Entered Level 1 of the Spider Nest
 41152 | Shoals:1 | Entered Level 1 of the Shoals
 41693 | Shoals:1 | Found Ilyacegg's Magic Scroll Shop.
 41700 | Shoals:1 | Bought a scroll of teleportation for 48 gold pieces
 41700 | Shoals:1 | Bought a scroll of fear for 56 gold pieces
 42394 | Shoals:1 | Identified Sif Muna's Volume of Assistive Confrontation
                  | (Sif Muna gifted it to you on level 1 of the Shoals)
 42394 | Shoals:1 | Received a gift from Sif Muna
 42783 | Shoals:1 | Reached XP level 16. HP: 88/137 MP: 19/32
 43126 | Shoals:2 | Noticed Nikola
 43524 | Shoals:2 | Killed Nikola
 43524 | Shoals:2 | Reached skill level 13 in Conjurations
 43901 | Shoals:2 | Reached skill level 14 in Fire Magic
 45028 | Spider:1 | Reached skill level 15 in Fire Magic
 45173 | Spider:1 | Got a translucent tin ring
 45234 | Spider:1 | Identified the cursed ring "Batatitamo" {rElec rN+ Int-2
                  | Dex+2} (You found it on level 1 of the Spider Nest)
 45651 | Spider:2 | Identified Weneqynu's Catalogue of Attacks (Sif Muna gifted
                  | it to you on level 2 of the Spider Nest)
 45651 | Spider:2 | Received a gift from Sif Muna
 45670 | Spider:1 | Learned a level 7 spell: Orb of Destruction
 46909 | Spider:2 | Reached skill level 16 in Fire Magic
 48349 | Spider:4 | Entered Level 4 of the Spider Nest
 48477 | Spider:3 | Reached skill level 14 in Conjurations
 49155 | Spider:4 | Reached ****** piety under Sif Muna
 49155 | Spider:4 | Identified Sif Muna's Incunabulum of Creation and the
                  | Glacier (Sif Muna gifted it to you on level 4 of the Spider
                  | Nest)
 49155 | Spider:4 | Received a gift from Sif Muna
 49157 | Spider:4 | Reached skill level 17 in Fire Magic
 49398 | Spider:3 | Reached XP level 17. HP: 144/144 MP: 12/33
 49731 | Spider:4 | Got a faintly glowing war axe
 49790 | Spider:4 | Identified the +9 war axe of Nudghapyrph {freeze, Int+2}
                  | (You found it on level 4 of the Spider Nest)
 51342 | Spider:4 | Got a gossamer rune of Zot
 51822 | Orc:1    | Killed Divine's ghost
 51968 | Orc:1    | Got a distressingly furry cloak
 52002 | Orc:1    | Identified the +1 cloak of the Hart {MR+ Int+2 Dex+3} (You
                  | found it on level 1 of the Orcish Mines)
 52013 | Orc:1    | Learned a level 8 spell: Ignition
 52091 | Elf:1    | Entered Level 1 of the Elven Halls
 52327 | Elf:1    | Reached skill level 13 in Spellcasting
 52327 | Elf:1    | Reached skill level 18 in Fire Magic
 53550 | Elf:1    | Found Loghait's Jewellery Boutique.
 53596 | Elf:1    | Reached skill level 12 in Fighting
 53735 | Elf:1    | Reached skill level 11 in Dodging
 54888 | Shoals:3 | Received a gift from Sif Muna
 55796 | Shoals:4 | Entered Level 4 of the Shoals
 55796 | Shoals:4 | Found Conoseh's Gadget Emporium.
 55797 | Shoals:4 | Found Liuxt's Food Shoppe.
 55930 | Shoals:4 | Found Zuus's Weapon Shop.
 55969 | Shoals:4 | Found Siutzidd's Weapon Emporium.
 56190 | Shoals:4 | Reached XP level 18. HP: 154/154 MP: 21/35
 56331 | Shoals:4 | Reached skill level 14 in Spellcasting
 56346 | Shoals:4 | Learned a level 7 spell: Spellforged Servitor
 56409 | Shoals:4 | Reached skill level 2 in Summonings
 56521 | Shoals:4 | Found the +27 Lear's hauberk
 56528 | Shoals:4 | Reached skill level 3 in Summonings
 56746 | Shoals:4 | Reached skill level 4 in Summonings
 56989 | Shoals:4 | Reached skill level 5 in Summonings
 57167 | Shoals:4 | Found Woets's General Store.
 57175 | Shoals:4 | Bought a potion of heal wounds for 80 gold pieces
 57175 | Shoals:4 | Bought 2 scrolls of fog for 64 gold pieces
 57175 | Shoals:4 | Bought a scroll of fear for 56 gold pieces
 57206 | Shoals:4 | Reached skill level 6 in Summonings
 57339 | Shoals:4 | Identified Sif Muna's Almanac of Conjuration (Sif Muna
                  | gifted it to you on level 4 of the Shoals)
 57339 | Shoals:4 | Received a gift from Sif Muna
 58407 | Shoals:4 | Reached skill level 7 in Summonings
 58607 | Shoals:4 | Got a barnacled rune of Zot
 58919 | Vaults:1 | Entered Level 1 of the Vaults
 59037 | D:14     | Reached skill level 8 in Summonings
 59409 | Vaults:1 | Reached skill level 9 in Summonings
 59752 | Vaults:1 | Reached skill level 10 in Summonings
 59837 | Vaults:1 | Identified Sif Muna's Grimoire of Feathery Summoning (Sif
                  | Muna gifted it to you on level 1 of the Vaults)
 59837 | Vaults:1 | Received a gift from Sif Muna
 61166 | Vaults:2 | Noticed Jory
 61166 | Vaults:2 | Noticed Asterion
 61244 | Vaults:2 | Reached XP level 19. HP: 160/160 MP: 4/37
 61601 | Vaults:2 | Found Vuqolong's Assorted Antiques.
 61629 | Vaults:2 | Reached skill level 11 in Summonings
 61830 | Vaults:2 | Found a staircase to the Crypt.
 62063 | Vaults:2 | HP: 16/160 [hell knight/scimitar of pain (29)]
 62073 | Vaults:2 | Identified Sif Muna's Handbook of the Creative Blaze (Sif
                  | Muna gifted it to you on level 2 of the Vaults)
 62073 | Vaults:2 | Received a gift from Sif Muna
 63095 | Vaults:2 | Reached skill level 15 in Conjurations
 63097 | Vaults:2 | Reached skill level 19 in Fire Magic
 63953 | Vaults:2 | Killed Jory
 64334 | Vaults:2 | Killed Asterion
 65717 | Vaults:3 | Found a large runed door.
 65717 | Vaults:3 | Found a large runed door.
 65746 | Vaults:3 | Reached skill level 13 in Fighting
 65982 | Vaults:3 | Reached skill level 12 in Dodging
 66532 | Vaults:3 | Identified the cursed +0 dagger "Woedgh" {venom, +Fly MP+9
                  | Dex-3} (You found it on level 3 of the Vaults)
 66908 | Vaults:3 | Identified Sif Muna's Volume of Bewitching Blows and
                  | Bruises (Sif Muna gifted it to you on level 3 of the
                  | Vaults)
 66908 | Vaults:3 | Received a gift from Sif Muna
 67638 | Vaults:3 | Noticed greenfork's ghost (adept DEFE)
 67660 | Vaults:3 | Killed greenfork's ghost
 67660 | Vaults:3 | Reached skill level 15 in Spellcasting
 68128 | Vaults:4 | Reached XP level 20. HP: 171/171 MP: 30/39
 68417 | Vaults:4 | Noticed Sojobo
 68438 | Vaults:4 | Killed Sojobo
 69066 | Vaults:4 | Identified Sif Muna's Tome of Creative Sinister Arts (Sif
                  | Muna gifted it to you on level 4 of the Vaults)
 69066 | Vaults:4 | Received a gift from Sif Muna
 69860 | Vaults:4 | Reached skill level 16 in Conjurations
 69860 | Vaults:4 | Reached skill level 20 in Fire Magic
 70899 | Slime:1  | Entered Level 1 of the Pits of Slime
 71144 | Slime:2  | Reached skill level 14 in Fighting
 71367 | Slime:4  | Gained mutation: You are dopey. (Int -2) [a shining eye]
 71466 | Slime:5  | Entered Level 5 of the Pits of Slime
 71648 | Slime:5  | Gained mutation: Your spells are a little easier to cast,
                  | but a little less powerful. [a shining eye]
 71731 | Slime:5  | Noticed the Royal Jelly
 71737 | Slime:5  | Killed the Royal Jelly
 71737 | Slime:5  | Identified Sif Muna's Volume of the Escort (Sif Muna gifted
                  | it to you on level 5 of the Pits of Slime)
 71737 | Slime:5  | Received a gift from Sif Muna
 72061 | Slime:5  | Gained mutation: Your magical capacity is low. (-10% MP) [a
                  | shining eye]
 72077 | Slime:5  | Gained mutation: You are clumsy. (Dex -2) [a shining eye]
 72119 | Slime:5  | Reached XP level 21. HP: 151/181 MP: 6/36
 72187 | Slime:5  | Got a faintly glowing lead ring
 72189 | Slime:5  | Identified the ring "Eshremepa" {Wiz rElec} (You found it
                  | on level 5 of the Pits of Slime)
 72222 | Slime:5  | Got a slimy rune of Zot
 72241 | Slime:5  | Identified the Reference Book on Transformation
 72269 | Slime:5  | Got a steaming lead ring
 72271 | Slime:5  | Identified the ring of Law {rF+ Str+2} (You found it on
                  | level 5 of the Pits of Slime)
 72526 | Lair:6   | Lost mutation: Your magical capacity is low. (-10% MP)
                  | [potion of mutation]
 72526 | Lair:6   | Lost mutation: You are clumsy. (Dex -2) [potion of
                  | mutation]
 72526 | Lair:6   | Lost mutation: You are dopey. (Int -2) [potion of mutation]
 72526 | Lair:6   | Gained mutation: You possess an exceptional clarity of
                  | mind. [potion of mutation]
 72526 | Lair:6   | Gained mutation: You are resistant to electric shocks.
                  | (rElec) [potion of mutation]
 73024 | Elf:2    | Reached skill level 9 in Invocations
 73026 | Elf:2    | Reached skill level 17 in Conjurations
 73026 | Elf:2    | Reached skill level 21 in Fire Magic
 73277 | Elf:2    | Reached skill level 10 in Invocations
 73719 | Elf:2    | Reached skill level 11 in Invocations
 73753 | Elf:2    | Found a huge runed gate.
 73753 | Elf:2    | Found a huge runed gate.
 73754 | Elf:2    | Found a huge runed gate.
 73765 | Elf:2    | Found a huge runed gate.
 73777 | Elf:2    | Found a huge runed gate.
 73844 | Elf:2    | Reached skill level 12 in Invocations
 73904 | Elf:2    | Identified Sif Muna's Disquisition on Enchantment (Sif Muna
                  | gifted it to you on level 2 of the Elven Halls)
 73904 | Elf:2    | Received a gift from Sif Muna
 74036 | Elf:2    | Reached skill level 13 in Invocations
 74426 | Elf:2    | Reached skill level 14 in Invocations
 74663 | Elf:3    | Entered Level 3 of the Elven Halls
 74743 | Elf:3    | Found Vusiuhut's Gadget Shop.
 75239 | Elf:3    | Reached skill level 15 in Invocations
 75805 | Elf:3    | Noticed Donald
 75809 | Elf:3    | Killed Donald
 75988 | Elf:3    | Got a glittering glass ring
 76026 | Elf:3    | Reached skill level 16 in Spellcasting
 76163 | Elf:3    | Identified the cursed +1 triple sword "Murph" {freeze,
                  | Str+4} (You took it off a deep elf elementalist on level 3
                  | of the Elven Halls)
 76223 | Elf:3    | Identified the ring of Pangagg {*Corrode rN+ MR+ Str+4}
                  | (You took it off a deep elf sorcerer on level 3 of the
                  | Elven Halls)
 76723 | Elf:3    | Learned a level 6 spell: Deflect Missiles
 77031 | Depths:1 | Entered Level 1 of the Depths
 77039 | Depths:1 | Reached skill level 1 in Charms
 77048 | Depths:1 | Reached skill level 2 in Charms
 77055 | Depths:1 | Reached skill level 3 in Charms
 77163 | Depths:1 | Reached skill level 4 in Charms
 77321 | Depths:1 | Reached skill level 5 in Charms
 77327 | Depths:1 | Identified Sif Muna's Guide on Cankerous Conjuration (Sif
                  | Muna gifted it to you on level 1 of the Depths)
 77327 | Depths:1 | Received a gift from Sif Muna
 77447 | Depths:1 | Reached XP level 22. HP: 189/189 MP: 24/42
 77454 | Depths:1 | Reached skill level 6 in Charms
 77744 | Depths:1 | Reached skill level 7 in Charms
 77844 | Depths:1 | Reached skill level 8 in Charms
 78379 | Depths:1 | Reached skill level 9 in Charms
 78530 | Depths:1 | Found a gateway to Hell.
 78739 | Depths:2 | Identified Jodgh's Guide on Helpful Conjuration (Sif Muna
                  | gifted it to you on level 2 of the Depths)
 78739 | Depths:2 | Received a gift from Sif Muna
 79002 | Depths:2 | Reached skill level 10 in Charms
 79211 | Depths:2 | Reached skill level 11 in Charms
 79618 | D:10     | You paid a toll of a +4 demon whip to enter a treasure
                  | trove
 79619 | Trove    | Entered a treasure trove
 79634 | Trove    | Identified Guhudwe's Volume of the Earthen Voyage
 79656 | Trove    | Identified Sif Muna's Incunabulum of Ghastly Attacks
 79701 | Trove    | Learned a level 7 spell: Ring of Flames
 80137 | Depths:2 | Reached skill level 12 in Charms
 80212 | Depths:2 | Identified Sif Muna's Reference Book on Creative
                  | Conjuration (Sif Muna gifted it to you on level 2 of the
                  | Depths)
 80212 | Depths:2 | Received a gift from Sif Muna
 80239 | Depths:2 | Noticed a golden dragon
 80802 | Depths:2 | Noticed a caustic shrike
 80906 | Depths:2 | Killed a caustic shrike
 81095 | Depths:2 | Killed a golden dragon
 81095 | Depths:2 | Reached skill level 13 in Charms
 82362 | Depths:2 | Received a gift from Sif Muna
 83697 | Depths:3 | Found a gateway to a ziggurat.
 83821 | Depths:3 | Reached XP level 23. HP: 195/195 MP: 4/43
 83847 | Depths:3 | Reached skill level 18 in Conjurations
 83847 | Depths:3 | Reached skill level 22 in Fire Magic
 84355 | D:14     | Learned a level 9 spell: Fire Storm
 84880 | Depths:3 | Identified Sif Muna's Catalogue of Changing and Calling
                  | (Sif Muna gifted it to you on level 3 of the Depths)
 84880 | Depths:3 | Received a gift from Sif Muna
 85321 | Depths:3 | Found a one-way gate leading to the halls of Pandemonium.
 86799 | Depths:4 | Received a gift from Sif Muna
 86882 | Depths:4 | Noticed Frederick
 86968 | Depths:4 | Reached skill level 19 in Conjurations
 87030 | Depths:4 | Reached skill level 23 in Fire Magic
 87164 | Depths:4 | Killed Frederick
 87822 | Depths:4 | Found a one-way gate to the infinite horrors of the Abyss.
 88640 | Depths:4 | Reached skill level 17 in Spellcasting
 88874 | Depths:4 | Identified Sif Muna's Sophisticated Witchcraft (Sif Muna
                  | gifted it to you on level 4 of the Depths)
 88874 | Depths:4 | Received a gift from Sif Muna
 88929 | Depths:5 | Entered Level 5 of the Depths
 89258 | Depths:4 | Reached XP level 24. HP: 198/203 MP: 5/44
 90483 | Depths:5 | Identified Sif Muna's Further Progress in Secret Knowledge
                  | (Sif Muna gifted it to you on level 5 of the Depths)
 90483 | Depths:5 | Received a gift from Sif Muna
 90969 | Depths:5 | Found a gate to the Realm of Zot.
 92388 | Vaults:5 | Entered Level 5 of the Vaults
 92389 | Vaults:5 | Reached skill level 24 in Fire Magic
 92389 | Vaults:5 | Reached skill level 20 in Conjurations
 92797 | Vaults:5 | Reached skill level 15 in Fighting
 92881 | Vaults:5 | Reached skill level 13 in Dodging
 93136 | Vaults:5 | Got a pitted wooden ring
 93293 | Vaults:5 | Received a gift from Sif Muna
 93868 | Vaults:5 | Identified the ring of the Seven Stories {Str+4 SInv} (You
                  | took it off a tengu reaver on level 5 of the Vaults)
 94186 | Vaults:5 | Got a silver rune of Zot
 94302 | Vaults:5 | Reached skill level 25 in Fire Magic
 94320 | Vaults:5 | Reached XP level 25. HP: 193/213 MP: 6/44
 94577 | Vaults:5 | Got a slimy lead ring
 94694 | Vaults:5 | Received a gift from Sif Muna
 95438 | Vaults:5 | Identified the ring of False Hope {+Blink rElec rC+ Dex+5
                  | SInv} (You took it off a tengu reaver on level 5 of the
                  | Vaults)
 95759 | Vaults:5 | Got a steaming diamond amulet
 95937 | Vaults:5 | Identified the amulet "Lechebli" {Spirit -Tele rC+ MR+++
                  | Int+4} (You took it off a vault sentinel on level 5 of the
                  | Vaults)
 96105 | Vaults:5 | Got an uncursed fine triple sword {protect}
 96111 | Vaults:5 | Identified the +7 triple sword of Taboh {protect, rN+ MR+
                  | Stlth+} (You took it off a yaktaur on level 5 of the
                  | Vaults)
 96389 | D:10     | Bought a manual of Evocations for 1324 gold pieces
 96564 | Vaults:2 | Bought a scroll of fog for 70 gold pieces
 96564 | Vaults:2 | Bought a scroll of teleportation for 105 gold pieces
 96564 | Vaults:2 | Bought a potion of curing for 105 gold pieces
 96564 | Vaults:2 | Bought a potion of heal wounds for 175 gold pieces
 96841 | Zot:1    | Entered Level 1 of the Realm of Zot
 97225 | Zot:1    | Got a pair of warped boots
 97236 | Zot:1    | Identified the +2 pair of boots "Hicet" {rN+ Str+4 Int-2}
                  | (You acquired it on level 1 of the Realm of Zot)
 97297 | Zot:1    | Reached skill level 8 in Evocations
 98443 | Zot:2    | Reached skill level 9 in Evocations
 98501 | Zot:2    | Identified Sif Muna's Papyrus of Sinister Secrets and
                  | Illusion (Sif Muna gifted it to you on level 2 of the Realm
                  | of Zot)
 98501 | Zot:2    | Received a gift from Sif Muna
 99085 | Zot:2    | Identified the +5 scimitar of Xynoqon {freeze, Str+3} (You
                  | found it on level 2 of the Realm of Zot)
 99308 | Zot:2    | Reached skill level 10 in Evocations
100149 | Zot:3    | Reached skill level 18 in Spellcasting
100366 | Zot:3    | Reached skill level 11 in Evocations
100798 | Zot:3    | Reached skill level 26 in Fire Magic
100800 | Zot:3    | Reached skill level 21 in Conjurations
100900 | Zot:3    | Reached XP level 26. HP: 217/221 MP: 9/45
100900 | Zot:3    | Reached skill level 12 in Evocations
101245 | Zot:3    | Reached skill level 13 in Evocations
101533 | Zot:3    | Reached skill level 14 in Evocations
102063 | Zot:4    | Reached skill level 15 in Evocations
102597 | Zot:4    | Reached skill level 16 in Fighting
102656 | Zot:4    | Learned a level 8 spell: Necromutation
102708 | Zot:4    | Reached skill level 1 in Necromancy
102708 | Zot:4    | Reached skill level 1 in Transmutations
102858 | Zot:4    | Reached skill level 2 in Necromancy
102858 | Zot:4    | Reached skill level 2 in Transmutations
103055 | Zot:4    | Received a gift from Sif Muna
103115 | Zot:4    | Reached skill level 3 in Necromancy
103115 | Zot:4    | Reached skill level 3 in Transmutations
103560 | Zot:4    | Found a runed gate.
103561 | Zot:4    | Found a runed gate.
103562 | Zot:4    | Found a runed gate.
103565 | Zot:4    | Noticed Niman's ghost (veteran MfGl)
103592 | Zot:4    | Killed Niman's ghost
103592 | Zot:4    | Reached skill level 4 in Necromancy
103592 | Zot:4    | Reached skill level 4 in Transmutations
104676 | Crypt:1  | Entered Level 1 of the Crypt
105077 | Crypt:1  | Found a corrupted altar of Lugonu.
105093 | Crypt:1  | Reached skill level 5 in Necromancy
105093 | Crypt:1  | Reached skill level 5 in Transmutations
105174 | Crypt:1  | Noticed Boris
105179 | Crypt:1  | Killed Boris
105338 | Crypt:1  | Noticed Bai Suzhen
105345 | Crypt:1  | Killed Bai Suzhen
105635 | Crypt:1  | Reached skill level 17 in Fighting
106072 | Crypt:2  | Reached skill level 6 in Necromancy
106169 | Crypt:2  | Reached skill level 6 in Transmutations
106202 | Crypt:2  | Identified Sif Muna's Volume of Sinister Secrets and
                  | Ignition (Sif Muna gifted it to you on level 2 of the
                  | Crypt)
106202 | Crypt:2  | Received a gift from Sif Muna
107312 | Crypt:3  | Entered Level 3 of the Crypt
107316 | Crypt:3  | Reached skill level 7 in Necromancy
107316 | Crypt:3  | Reached skill level 7 in Transmutations
107665 | Crypt:3  | Reached XP level 27. HP: 235/235 MP: 25/45
107845 | Crypt:3  | Found a staircase to the Tomb.
108369 | Crypt:3  | Reached skill level 8 in Necromancy
108369 | Crypt:3  | Reached skill level 8 in Transmutations
108712 | Crypt:3  | Identified the Grimoire of Destructive Enchantment
109123 | Crypt:3  | Noticed a greater mummy
109128 | Crypt:3  | Killed a greater mummy
109919 | Crypt:3  | Reached skill level 9 in Necromancy
109932 | Crypt:3  | Reached skill level 9 in Transmutations
110543 | Crypt:3  | Received a gift from Sif Muna
111387 | Orc:1    | Bought a ration for 55 gold pieces
111387 | Orc:1    | Bought a ration for 55 gold pieces
111387 | Orc:1    | Bought a ration for 55 gold pieces
111387 | Orc:1    | Bought a ration for 55 gold pieces
111387 | Orc:1    | Bought a ration for 55 gold pieces
111387 | Orc:1    | Bought a ration for 55 gold pieces
111387 | Orc:1    | Bought a ration for 55 gold pieces
111387 | Orc:1    | Bought a ration for 55 gold pieces
111387 | Orc:1    | Bought a ration for 55 gold pieces
111387 | Orc:1    | Bought a ration for 55 gold pieces
111387 | Orc:1    | Bought a ration for 55 gold pieces
111387 | Orc:1    | Bought a ration for 55 gold pieces
111608 | Elf:3    | Bought a sack of spiders for 240 gold pieces
111608 | Elf:3    | Bought a sack of spiders for 240 gold pieces
111956 | Shoals:4 | Bought a sack of spiders for 280 gold pieces
111956 | Shoals:4 | Bought a box of beasts for 280 gold pieces
111956 | Shoals:4 | Bought a sack of spiders for 280 gold pieces
111966 | Shoals:4 | Bought a ration for 65 gold pieces
111966 | Shoals:4 | Bought a ration for 65 gold pieces
111966 | Shoals:4 | Bought a ration for 65 gold pieces
111966 | Shoals:4 | Bought a ration for 65 gold pieces
111966 | Shoals:4 | Bought a ration for 65 gold pieces
111966 | Shoals:4 | Bought a ration for 65 gold pieces
111966 | Shoals:4 | Bought a ration for 65 gold pieces
111966 | Shoals:4 | Bought a ration for 65 gold pieces
111966 | Shoals:4 | Bought a ration for 65 gold pieces
112584 | D:14     | Learned a level 3 spell: Regeneration
112791 | Crypt:1  | Voluntarily entered the Abyss.
112793 | Abyss:1  | Found a corrupted altar of Lugonu.
113021 | Abyss:4  | Found a corrupted altar of Lugonu.
113461 | Abyss:4  | Reached skill level 10 in Necromancy
113461 | Abyss:4  | Reached skill level 10 in Transmutations
113678 | Abyss:5  | Entered Level 5 of the Abyss
113685 | Abyss:5  | Found a corrupted altar of Lugonu.
113835 | Abyss:5  | Found a corrupted altar of Lugonu.
113894 | Abyss:5  | Found a corrupted altar of Lugonu.
113897 | Abyss:5  | Received a gift from Sif Muna
113963 | Abyss:5  | Found a corrupted altar of Lugonu.
113980 | Abyss:5  | Gained mutation: You are frail. (-10% HP) [a neqoxec]
114045 | Abyss:5  | Reached skill level 11 in Necromancy
114047 | Abyss:5  | Reached skill level 11 in Transmutations
114078 | Crypt:1  | Escaped the Abyss
114177 | Crypt:1  | Voluntarily entered the Abyss.
114208 | Abyss:1  | Reached skill level 12 in Transmutations
114348 | Abyss:3  | Got an abyssal rune of Zot
114481 | Abyss:3  | Paralysed by you for 3 turns
114494 | Crypt:1  | Escaped the Abyss
115597 | Pan      | Entered Pandemonium
115597 | Pan      | Noticed Nybeug the pandemonium lord
115954 | Pan      | Found a huge runed gate.
116124 | Pan      | Received a gift from Sif Muna
116484 | Pan      | Reached skill level 13 in Transmutations
117116 | Pan      | Reached skill level 12 in Necromancy
117339 | Pan      | Noticed Umai the pandemonium lord
117346 | Pan      | Killed Umai the pandemonium lord
117537 | Pan      | Reached skill level 13 in Necromancy
117800 | Pan      | Learned a level 9 spell: Shatter
117842 | Pan      | Reached skill level 1 in Earth Magic
117865 | Pan      | Reached skill level 2 in Earth Magic
118030 | Pan      | Reached skill level 3 in Earth Magic
118230 | Pan      | Reached skill level 4 in Earth Magic
118607 | Pan      | Reached skill level 5 in Earth Magic
118729 | Pan      | Received a gift from Sif Muna
119056 | Pan      | Reached skill level 6 in Earth Magic
119261 | Pan      | Noticed Xenotoab the pandemonium lord
119265 | Pan      | Killed Xenotoab the pandemonium lord
119294 | Pan      | Reached skill level 7 in Earth Magic
119487 | Pan      | Noticed Axzyud the pandemonium lord
119495 | Pan      | Killed Axzyud the pandemonium lord
119515 | Pan      | Reached skill level 8 in Earth Magic
119965 | Pan      | Reached skill level 9 in Earth Magic
120405 | Pan      | Reached skill level 10 in Earth Magic
120730 | Pan      | Received a gift from Sif Muna
121676 | Pan      | Noticed Peiriw the pandemonium lord
121687 | Pan      | Killed Peiriw the pandemonium lord
122609 | Pan      | Reached skill level 11 in Earth Magic
122927 | Pan      | Received a gift from Sif Muna
123385 | Pan      | Found an exit through the horrors of the Abyss.
124416 | Pan      | Noticed Pygel the pandemonium lord
124439 | Pan      | Killed Pygel the pandemonium lord
124439 | Pan      | Reached skill level 14 in Necromancy
124439 | Pan      | Reached skill level 14 in Transmutations
124446 | Pan      | Learned a level 5 spell: Aura of Abjuration
124982 | Pan      | Entered the realm of Mnoleg.
125198 | Pan      | Reached skill level 12 in Earth Magic
125437 | Pan      | Received a gift from Sif Muna
125629 | Pan      | Gained mutation: You do not regenerate when monsters are
                  | visible. [a neqoxec]
125636 | Pan      | Gained mutation: Your magical capacity is low. (-10% MP) [a
                  | neqoxec]
125794 | Pan      | Reached skill level 19 in Spellcasting
126053 | Pan      | Reached skill level 13 in Earth Magic
126744 | Pan      | Reached skill level 14 in Earth Magic
127037 | Pan      | Received a gift from Sif Muna
127505 | Pan      | Reached skill level 15 in Earth Magic
127554 | Pan      | Noticed Mnoleg
127568 | Pan      | Killed Mnoleg
127623 | Pan      | Got a glowing rune of Zot
127624 | Pan      | That was properly boring.
127624 | Pan      | I sincerely feel bad for the Anon spectactor watching this.
127858 | Pan      | Entered the realm of Gloorx Vloq.
127993 | Pan      | Found an exit through the horrors of the Abyss.
128141 | Pan      | Lost mutation: Your spells are a little easier to cast, but
                  | a little less powerful. [potion of mutation]
128141 | Pan      | Lost mutation: You are frail. (-10% HP) [potion of
                  | mutation]
128141 | Pan      | Lost mutation: You do not regenerate when monsters are
                  | visible. [potion of mutation]
128141 | Pan      | Gained mutation: Your body sometimes deteriorates upon
                  | taking damage. [potion of mutation]
128141 | Pan      | Gained mutation: You are somewhat resistant to further
                  | mutation. [potion of mutation]
128263 | Pan      | Reached skill level 16 in Earth Magic
128586 | Pan      | Received a gift from Sif Muna
129340 | Pan      | Reached skill level 17 in Earth Magic
129850 | Pan      | Noticed Gloorx Vloq
129932 | Pan      | Killed Gloorx Vloq
129932 | Pan      | Received a gift from Sif Muna
129951 | Pan      | Got a dark rune of Zot
130263 | Pan      | Reached skill level 18 in Earth Magic
130421 | Pan      | Noticed Ydwydil the pandemonium lord
130466 | Depths:3 | Escaped Pandemonium
130700 | Pan      | Entered the realm of Cerebov.
130700 | Pan      | Entered Pandemonium
130707 | Pan      | Found an exit through the horrors of the Abyss.
131276 | Pan      | Reached skill level 19 in Earth Magic
131303 | Pan      | Received a gift from Sif Muna
132020 | Pan      | Noticed Cerebov
132078 | Pan      | Killed Cerebov
132086 | Pan      | Got a fiery rune of Zot
132127 | Pan      | Reached skill level 20 in Earth Magic
132183 | Pan      | Identified Lepn's Catalogue of Clay and the Entourage
132297 | Pan      | Got a bound ruby amulet
132298 | Pan      | Identified the amulet "Geewka" {Reflect *Contam rPois Str+2
                  | Dex+3 SH+2} (You found it in Pandemonium)
132438 | Pan      | Noticed Gedghedd the pandemonium lord
132460 | Pan      | Killed Gedghedd the pandemonium lord
132460 | Pan      | Received a gift from Sif Muna
132733 | Pan      | Found an exit through the horrors of the Abyss.
132782 | Pan      | Noticed Qifuh the pandemonium lord
132831 | Pan      | Reached skill level 21 in Earth Magic
133757 | Pan      | Killed Qifuh the pandemonium lord
133968 | Pan      | Received a gift from Sif Muna
134133 | Pan      | Learned a level 7 spell: Haunt
134196 | Pan      | Reached skill level 22 in Earth Magic
134943 | Pan      | Noticed a pearl dragon
134951 | Pan      | Killed a pearl dragon
135208 | Pan      | Found a white marble altar of Elyvilon.
135988 | Pan      | Found a glowing silver altar of Zin.
136241 | Pan      | Identified the cursed -1 buckler of Pandemonium {*Contam
                  | rElec rC+ Int+5} (You took it off a cherub in Pandemonium)
136407 | Pan      | Noticed a seraph
136411 | Pan      | Killed a seraph
136411 | Pan      | Received a gift from Sif Muna
136434 | Pan      | Found a glowing golden altar of the Shining One.
136440 | Pan      | Got a fine copper amulet
136452 | Pan      | Got a demonic rune of Zot
136456 | Pan      | Identified the Papyrus of Darkness and Earth
137131 | Pan      | Entered the realm of Lom Lobon.
137143 | Pan      | Reached skill level 22 in Conjurations
137262 | Pan      | Identified the amulet of Zepraph {Faith rF+} (You took it
                  | off a seraph in Pandemonium)
137293 | Pan      | Reached skill level 23 in Earth Magic
137526 | Pan      | Noticed Lom Lobon
137556 | Pan      | HP: 32/235 [Lom Lobon/great icy blast (46)]
138060 | Pan      | Killed Lom Lobon
138076 | Pan      | Got a magical rune of Zot
138215 | Pan      | Found an exit through the horrors of the Abyss.
138246 | Pan      | Took an exit into the Abyss.
138246 | Abyss:1  | Escaped into the Abyss
138254 | Depths:3 | Escaped the Abyss
138387 | Zig:1    | Entered Level 1 of a ziggurat
138448 | Zig:2    | Entered Level 2 of a ziggurat
138499 | Zig:3    | Entered Level 3 of a ziggurat
138568 | Zig:4    | Entered Level 4 of a ziggurat
138576 | Zig:4    | Received a gift from Sif Muna
138628 | Zig:5    | Entered Level 5 of a ziggurat
138700 | Zig:6    | Entered Level 6 of a ziggurat
138772 | Zig:7    | Entered Level 7 of a ziggurat
138779 | Zig:7    | Reached skill level 20 in Spellcasting
138872 | Zig:8    | Entered Level 8 of a ziggurat
138920 | Zig:8    | Reached skill level 14 in Dodging
138970 | Zig:9    | Entered Level 9 of a ziggurat
138979 | Zig:9    | Reached skill level 18 in Fighting
139100 | Zig:9    | Identified the +9 dagger "Olyt" {drain, +Rage rF+ Int+2}
                  | (You found it on level 9 of a ziggurat)
139208 | Zig:10   | Entered Level 10 of a ziggurat
139217 | Zig:10   | Noticed a juggernaut
139219 | Zig:10   | Reached skill level 15 in Dodging
139219 | Zig:10   | Reached skill level 2 in Stealth
139220 | Zig:10   | Noticed a juggernaut
139221 | Zig:10   | Reached skill level 3 in Stealth
139223 | Zig:10   | Killed a juggernaut
139223 | Zig:10   | Reached skill level 4 in Stealth
139225 | Zig:10   | Killed a juggernaut
139225 | Zig:10   | Reached skill level 5 in Stealth
139394 | Zig:10   | Learned a level 8 spell: Ignition
139410 | Zig:11   | Entered Level 11 of a ziggurat
139424 | Zig:11   | Found the +2 Maxwell's thermic engine {flame, freeze}
139425 | Zig:11   | Reached skill level 6 in Stealth
139426 | Zig:11   | Reached skill level 7 in Stealth
139530 | Zig:12   | Entered Level 12 of a ziggurat
139535 | Zig:12   | Received a gift from Sif Muna
139544 | Zig:12   | Reached skill level 8 in Stealth
139672 | Zig:12   | Identified the +6 eveningstar of the Messenger {holy, MR++
                  | Str+4 Int-5} (You found it on level 12 of a ziggurat)
139712 | Zig:13   | Entered Level 13 of a ziggurat
139730 | Zig:13   | Reached skill level 23 in Conjurations
139742 | Zig:13   | Reached skill level 9 in Stealth
139767 | Zig:13   | Reached skill level 10 in Stealth
140004 | Zig:13   | Reached skill level 11 in Stealth
140030 | Zig:14   | Entered Level 14 of a ziggurat
140047 | Zig:14   | Reached skill level 12 in Stealth
140076 | Zig:14   | Received a gift from Sif Muna
140083 | Zig:14   | Identified Sif Muna's Grimoire of Warped Transmutation
140124 | Zig:14   | Got a transparent platinum ring
140125 | Zig:14   | Identified the ring "Teripim" {*Contam rC+ rN+ Slay+2} (You
                  | found it on level 14 of a ziggurat)
140152 | Zig:15   | Entered Level 15 of a ziggurat
140175 | Zig:15   | Reached skill level 13 in Stealth
140200 | Zig:15   | Got a steaming pewter amulet
140201 | Zig:15   | Identified the amulet "Wauwkomn" {Acrobat rN+ SInv} (You
                  | found it on level 15 of a ziggurat)
140206 | Zig:15   | Got a faintly glowing marble ring
140207 | Zig:15   | Identified the ring of Neurosis {*Slow +Fly rPois rF+} (You
                  | found it on level 15 of a ziggurat)
140220 | Zig:15   | Got a glittering glass ring
140221 | Zig:15   | Identified the ring "Qorel" {-Tele +Inv Str+4 Int+8 Dex-4}
                  | (You found it on level 15 of a ziggurat)
140222 | Zig:15   | Identified the Catalogue of the Ashen Voyage
140389 | Zig:16   | Entered Level 16 of a ziggurat
140432 | Zig:16   | Reached skill level 24 in Earth Magic
140432 | Zig:16   | Received a gift from Sif Muna
140474 | Zig:16   | Found the +10 dark maul {crush}
140493 | Zig:16   | Got a transparent zirconium amulet
140494 | Zig:16   | Identified the amulet of Jealousy {Gourm Str+4 Stlth+} (You
                  | found it on level 16 of a ziggurat)
140496 | Zig:16   | Identified the Papyrus of Megalomania
140499 | Zig:16   | Got a coiled diamond amulet
140500 | Zig:16   | Identified the amulet "Bonekkaxo" {Gourm rF- rN+ Dex+4}
                  | (You found it on level 16 of a ziggurat)
140537 | Zig:17   | Entered Level 17 of a ziggurat
140616 | Zig:17   | Identified the Papyrus of the Vitriolic Compass
140630 | Zig:17   | Got a warped cloak
140641 | Zig:17   | Identified the cursed -4 cloak "Dokhatygg" {rElec Int+5}
                  | (You found it on level 17 of a ziggurat)
140678 | Zig:18   | Entered Level 18 of a ziggurat
140693 | Zig:18   | Reached skill level 27 in Fire Magic
140814 | Zig:18   | Identified Sif Muna's Compendium of the Creative Oath
140934 | Zig:19   | Entered Level 19 of a ziggurat
140967 | Zig:19   | Reached skill level 19 in Fighting
140969 | Zig:19   | Reached skill level 16 in Dodging
140971 | Zig:19   | Received a gift from Sif Muna
141106 | Zig:19   | Got a scorched bone ring
141108 | Zig:19   | Identified the ring "Puggu" {Int+6 Dex+2 Slay+2 Stlth-}
                  | (You found it on level 19 of a ziggurat)
141126 | Zig:19   | Identified the Collected Works on Glamour and Contamination
141139 | Zig:19   | Got a pair of spiked boots
141150 | Zig:19   | Identified the cursed -2 pair of boots "Wevveumo" {Dex+3}
                  | (You found it on level 19 of a ziggurat)
141187 | Zig:19   | Identified the Reference Book on the Volcanoes
141208 | Zig:20   | Entered Level 20 of a ziggurat
141244 | Zig:20   | Reached skill level 21 in Spellcasting
141268 | Zig:20   | Found the +6 shillelagh "Devastator" {shatter}
141273 | Zig:20   | Identified Lutsevve's Collected Works on Creation and the
                  | Birds
141286 | Zig:20   | Received a gift from Sif Muna
141293 | Zig:20   | Got a bound glass ring
141294 | Zig:20   | Identified the ring of Hafrucrusul {*Tele *Contam rN+ MR++}
                  | (You found it on level 20 of a ziggurat)
141299 | Zig:20   | Identified the Almanac of the Enthralling Escort
141358 | Zig:21   | Entered Level 21 of a ziggurat
141437 | Zig:21   | Reached skill level 25 in Earth Magic
141629 | Zig:21   | Found the +8 orange crystal plate armour {Archmagi, Int+3
                  | Clar}
141636 | Zig:21   | Reached skill level 20 in Fighting
141640 | Zig:21   | Identified Babashrie's Guide on Scorching Clay
141643 | Zig:21   | Got a sparkling pewter ring
141644 | Zig:21   | Identified the ring "Xoroso" {rCorr Int+4} (You found it on
                  | level 21 of a ziggurat)
141675 | Zig:21   | Got a smoking lead amulet
141676 | Zig:21   | Identified the amulet of Vum Zij {Inacc *Drain rF+ rN+ MR+}
                  | (You found it on level 21 of a ziggurat)
141688 | Zig:21   | Identified Jiugeg's Tome of Fire
141713 | Zig:21   | Learned a level 4 spell: Passage of Golubria
141729 | Zig:22   | Entered Level 22 of a ziggurat
141763 | Zig:22   | Received a gift from Sif Muna
141792 | Zig:22   | Reached skill level 21 in Fighting
141803 | Zig:22   | Reached skill level 5 in Shields
141820 | Zig:22   | Reached skill level 6 in Shields
142046 | Zig:22   | Got a brightly glowing steel ring
142047 | Zig:22   | Identified the ring of Kuis {*Slow rPois MR++ Dex+6} (You
                  | found it on level 22 of a ziggurat)
142056 | Zig:22   | Identified The Handbook of Greatest Risks and Utility
142084 | Zig:22   | Reached skill level 8 in Shields
142114 | Zig:23   | Entered Level 23 of a ziggurat
142163 | Zig:23   | Reached skill level 9 in Shields
142176 | Zig:23   | Reached skill level 10 in Shields
142201 | Zig:23   | Reached skill level 11 in Shields
142209 | Zig:23   | Reached skill level 12 in Shields
142469 | Zig:23   | Found the +4 arc blade {discharge, rElec}
142491 | Zig:23   | Identified Porumaom's Guide on Displaced Air
142520 | Zig:24   | Entered Level 24 of a ziggurat
142539 | Zig:24   | Noticed an ancient lich
142545 | Zig:24   | Noticed an ancient lich
142547 | Zig:24   | Killed an ancient lich
142547 | Zig:24   | Reached skill level 13 in Shields
142547 | Zig:24   | Reached skill level 22 in Fighting
142551 | Zig:24   | Killed an ancient lich
142556 | Zig:24   | Reached skill level 14 in Shields
142556 | Zig:24   | Reached skill level 23 in Fighting
142658 | Zig:24   | Found the ring of Phasing {EV+8}
142685 | Zig:24   | Got a translucent bone ring
142686 | Zig:24   | Identified the ring "Naogit" {rPois rC+ EV+1 Int-4 SInv}
                  | (You found it on level 24 of a ziggurat)
142762 | Zig:25   | Entered Level 25 of a ziggurat
142778 | Zig:25   | Noticed Fublula the pandemonium lord
142778 | Zig:25   | Noticed Uleinubb the pandemonium lord
142779 | Zig:25   | Noticed Faukleju the pandemonium lord
142781 | Zig:25   | Noticed Nistresta the pandemonium lord
142781 | Zig:25   | Killed Uleinubb the pandemonium lord
142782 | Zig:25   | Noticed Komil the pandemonium lord
142789 | Zig:25   | Killed Fublula the pandemonium lord
142791 | Zig:25   | Killed Komil the pandemonium lord
142796 | Zig:25   | Killed Nistresta the pandemonium lord
142801 | Zig:25   | Killed Faukleju the pandemonium lord
142804 | Zig:25   | Noticed Paaza the pandemonium lord
142806 | Zig:25   | Noticed Jicasikk the pandemonium lord
142808 | Zig:25   | Received a gift from Sif Muna
142809 | Zig:25   | Killed Paaza the pandemonium lord
142809 | Zig:25   | Killed Jicasikk the pandemonium lord
142809 | Zig:25   | Reached skill level 15 in Shields
142835 | Zig:25   | Noticed Ocedaf Qatoa the pandemonium lord
142842 | Zig:25   | Killed Ocedaf Qatoa the pandemonium lord
142854 | Zig:25   | Noticed Irree the pandemonium lord
142857 | Zig:25   | Noticed Noakim the pandemonium lord
142860 | Zig:25   | Noticed Peir the pandemonium lord
142867 | Zig:25   | Reached skill level 15 in Necromancy
142871 | Zig:25   | Killed Irree the pandemonium lord
142871 | Zig:25   | Reached skill level 15 in Transmutations
142873 | Zig:25   | Killed Noakim the pandemonium lord
142874 | Zig:25   | Noticed Upaogol the pandemonium lord
142874 | Zig:25   | Noticed Russick the pandemonium lord
142876 | Zig:25   | Reached skill level 24 in Fighting
142878 | Zig:25   | Killed Peir the pandemonium lord
142878 | Zig:25   | Noticed Erausku the pandemonium lord
142905 | Zig:25   | Reached skill level 12 in Summonings
142913 | Zig:25   | Got a glittering silver amulet
142919 | Zig:26   | Entered Level 26 of a ziggurat
143008 | Zig:26   | Received a gift from Sif Muna
143011 | Zig:26   | Reached skill level 13 in Summonings
143038 | Zig:26   | Reached skill level 14 in Summonings
143058 | Zig:26   | Noticed an ancient lich
143060 | Zig:26   | Killed an ancient lich
143062 | Zig:26   | Noticed an ancient lich
143064 | Zig:26   | Killed an ancient lich
143064 | Zig:26   | Reached skill level 15 in Summonings
143065 | Zig:26   | Noticed an ancient lich
143069 | Zig:26   | Received a gift from Sif Muna
143071 | Zig:26   | Noticed an ancient lich
143073 | Zig:26   | Killed an ancient lich
143074 | Zig:26   | Killed an ancient lich
143083 | Zig:26   | Noticed an ancient lich
143084 | Zig:26   | Noticed an ancient lich
143085 | Zig:26   | Noticed an ancient lich
143087 | Zig:26   | Killed an ancient lich
143087 | Zig:26   | Killed an ancient lich
143087 | Zig:26   | Killed an ancient lich
143105 | Zig:26   | Found the amulet of the Four Winds {rN+ MR+++ Clar}
143106 | Zig:26   | Got a transparent wooden ring
143109 | Zig:26   | Identified the amulet "Zad Vaudd" {RegenMP *Corrode +Fly
                  | rF+ Str+8} (You found it on level 25 of a ziggurat)
143110 | Zig:26   | Identified the ring "Omamias" {rN++ MR+ AC+3 Str+4} (You
                  | found it on level 26 of a ziggurat)
143265 | Zig:26   | Received a gift from Sif Muna
143315 | Zig:27   | Entered Level 27 of a ziggurat
143350 | Zig:27   | Reached skill level 22 in Spellcasting
143351 | Zig:27   | Reached skill level 26 in Earth Magic
143390 | Zig:27   | Found the ring of Robustness {AC+8}
143394 | Zig:27   | Found the +10 Black Knight's horse barding {ponderous,
                  | rPois rN+}
143454 | Zig:27   | Reached skill level 16 in Invocations
143454 | Zig:27   | Reached skill level 16 in Evocations
143467 | Zig:27   | Got a vibrating platinum amulet
143468 | Zig:27   | Identified the amulet "Ycenidisk" {+Rage Dex+2} (You found
                  | it on level 27 of a ziggurat)
143473 | Zig:27   | Identified Advanced Steps in Wizardry
143684 | Depths:3 | Learned a level 8 spell: Borgnjor's Revivification
144529 | Elf:1    | Bought a +5 amulet of reflection for 494 gold pieces
144852 | Hell     | Entered the Vestibule of Hell
144852 | Hell     | Noticed Geryon
144855 | Hell     | Noticed Murray
144858 | Hell     | Received a gift from Sif Muna
144860 | Hell     | Killed Geryon
144861 | Hell     | Killed Murray
144882 | Hell     | Reached skill level 17 in Invocations
145292 | Hell     | Reached skill level 17 in Evocations
145585 | Hell     | Reached skill level 16 in Necromancy
145924 | Hell     | Found a gateway to the freezing wastes of Cocytus.
145956 | Hell     | Found a gateway to the Iron City of Dis.
146082 | Hell     | Found a gateway to the ashen valley of Gehenna.
146174 | Hell     | Found a gateway to the decaying netherworld of Tartarus.
146298 | Tar:1    | Entered Level 1 of Tartarus
146543 | Tar:1    | Received a gift from Sif Muna
146901 | Tar:2    | Reached skill level 17 in Necromancy
147393 | Tar:4    | Received a gift from Sif Muna
147393 | Tar:4    | Reached skill level 18 in Necromancy
147597 | Tar:5    | HP: 35/259 [???[the effects of Hell] (26)]
147902 | Tar:7    | Entered Level 7 of Tartarus
148037 | Tar:7    | Learned a level 1 spell: Apportation
148583 | Tar:7    | Received a gift from Sif Muna
148587 | Tar:7    | Noticed Ereshkigal
148602 | Tar:7    | Killed Ereshkigal
148663 | Tar:7    | Reached skill level 19 in Necromancy
148749 | Tar:7    | Identified Theurgy, Part Six
148751 | Tar:7    | Identified the Reference Book on Evil Enchantment
148754 | Tar:7    | Got a bone rune of Zot
148760 | Tar:7    | Got a sparkling ruby amulet
148761 | Tar:7    | Identified the amulet of Xom's Fury {rC++ Regen+ Int-2
                  | Dex+2 Slay+5} (You found it on level 7 of Tartarus)
149020 | Coc:1    | Entered Level 1 of Cocytus
149376 | Coc:3    | Reached skill level 27 in Earth Magic
149416 | Coc:3    | Received a gift from Sif Muna
149730 | Coc:7    | Entered Level 7 of Cocytus
149835 | Coc:7    | Received a gift from Sif Muna
149927 | Coc:7    | Reached skill level 1 in Staves
149967 | Coc:7    | Reached skill level 2 in Staves
149967 | Coc:7    | Reached skill level 3 in Staves
149968 | Coc:7    | Noticed the Serpent of Hell
149984 | Coc:7    | Killed the Serpent of Hell
149996 | Coc:7    | Reached skill level 4 in Staves
150124 | Coc:7    | Reached skill level 5 in Staves
150128 | Coc:7    | Noticed Antaeus
150146 | Coc:7    | Killed Antaeus
150146 | Coc:7    | Received a gift from Sif Muna
150169 | Coc:7    | Reached skill level 6 in Staves
150299 | Coc:7    | Got an icy rune of Zot
150482 | Dis:1    | Entered Level 1 of the Iron City of Dis
150540 | Dis:2    | Reached skill level 24 in Conjurations
150674 | Dis:2    | Reached skill level 7 in Staves
150864 | Dis:2    | Reached skill level 23 in Spellcasting
151283 | Dis:6    | Reached skill level 8 in Staves
151319 | Dis:7    | Entered Level 7 of the Iron City of Dis
151372 | Dis:7    | Reached skill level 9 in Staves
151604 | Dis:7    | Reached skill level 10 in Staves
151702 | Dis:7    | Reached skill level 11 in Staves
151900 | Dis:7    | Received a gift from Sif Muna
152319 | Dis:7    | Reached skill level 12 in Staves
152337 | Dis:7    | Noticed Dispater
152348 | Dis:7    | Killed Dispater
152413 | Dis:7    | Got an iron rune of Zot
152502 | Geh:1    | Entered Level 1 of Gehenna
152563 | Geh:1    | Received a gift from Sif Muna
152891 | Geh:2    | Reached skill level 18 in Invocations
153258 | Geh:6    | Reached skill level 20 in Necromancy
153284 | Geh:7    | Entered Level 7 of Gehenna
153363 | Geh:7    | Identified the amulet "Odaiva" {+Rage rElec rC+} (You found
                  | it on level 7 of Gehenna)
153406 | Geh:7    | Reached skill level 19 in Invocations
153429 | Geh:7    | Received a gift from Sif Muna
153442 | Geh:7    | Found the +0 sword of Power
153483 | Geh:7    | Noticed Asmodeus
153496 | Geh:7    | Killed Asmodeus
153496 | Geh:7    | Reached skill level 24 in Spellcasting
153506 | Geh:7    | Got a brightly glowing jade ring
153507 | Geh:7    | Identified the ring of Satyriasis {rC+ Int+3} (You found it
                  | on level 7 of Gehenna)
153549 | Geh:7    | Got a bound marble ring
153557 | Geh:7    | Got a steaming ruby amulet
153558 | Geh:7    | Identified the amulet "Racvudag" {Harm *Drain rF+ Str+8
                  | Dex-3} (You found it on level 7 of Gehenna)
153559 | Geh:7    | Identified the ring of Diahuqy {rPois MR+ Slay-3 Stlth+}
                  | (You found it on level 7 of Gehenna)
153572 | Geh:7    | Reached skill level 20 in Invocations
153627 | Geh:7    | Identified the Papyrus of Companions
153849 | Geh:7    | Got an obsidian rune of Zot
154109 | Zot:1    | Learned a level 8 spell: Ignition
154497 | Tomb:1   | Entered Level 1 of the Tomb of the Ancients
154645 | Tomb:1   | Identified the +3 shield of the Vestibule of Hell {Dex+3}
                  | (You found it on level 1 of the Tomb of the Ancients)
154907 | Tomb:1   | Received a gift from Sif Muna
155234 | Tomb:1   | Noticed a greater mummy
155237 | Tomb:1   | Killed a greater mummy
155775 | Tomb:1   | Noticed a greater mummy
155785 | Tomb:1   | Killed a greater mummy
155785 | Tomb:1   | Reached skill level 21 in Invocations
155914 | Tomb:1   | Noticed a greater mummy
155914 | Tomb:1   | Noticed a greater mummy
155917 | Tomb:1   | Killed a greater mummy
155917 | Tomb:1   | Noticed a greater mummy
155922 | Tomb:1   | Killed a greater mummy
155934 | Tomb:1   | Killed a greater mummy
156107 | Tomb:1   | Noticed a greater mummy
156114 | Tomb:1   | Killed a greater mummy
156247 | Tomb:1   | Noticed a greater mummy
156251 | Tomb:1   | Killed a greater mummy
156305 | Tomb:1   | Noticed a greater mummy
156313 | Tomb:1   | Killed a greater mummy
156313 | Tomb:1   | Received a gift from Sif Muna
156434 | Tomb:1   | Noticed a greater mummy
156443 | Tomb:1   | Noticed a greater mummy
156447 | Tomb:1   | Killed a greater mummy
156447 | Tomb:1   | Reached skill level 16 in Transmutations
156471 | Tomb:1   | Killed a greater mummy
156588 | Tomb:1   | Noticed a greater mummy
156592 | Tomb:1   | Noticed a greater mummy
156593 | Tomb:1   | Killed a greater mummy
156593 | Tomb:1   | Reached skill level 21 in Necromancy
156596 | Tomb:1   | Noticed a greater mummy
156607 | Tomb:1   | Killed a greater mummy
156611 | Tomb:1   | Killed a greater mummy
156806 | Tomb:1   | Noticed a greater mummy
156811 | Tomb:1   | Killed a greater mummy
156820 | Tomb:1   | Noticed a greater mummy
156830 | Tomb:1   | Killed a greater mummy
156988 | Tomb:1   | Noticed a greater mummy
156991 | Tomb:1   | Killed a greater mummy
157002 | Tomb:1   | Noticed a greater mummy
157012 | Tomb:1   | Noticed a greater mummy
157013 | Tomb:1   | Killed a greater mummy
157014 | Tomb:1   | Noticed a greater mummy
157018 | Tomb:1   | Killed a greater mummy
157050 | Tomb:1   | Killed a greater mummy
157506 | Tomb:3   | Entered Level 3 of the Tomb of the Ancients
157522 | Tomb:3   | Received a gift from Sif Muna
157522 | Tomb:3   | Reached skill level 25 in Conjurations
157532 | Tomb:3   | Noticed a greater mummy
157533 | Tomb:3   | Noticed a greater mummy
157536 | Tomb:3   | Noticed a greater mummy
157538 | Tomb:3   | Killed a greater mummy
157538 | Tomb:3   | Killed a greater mummy
157540 | Tomb:3   | Killed a greater mummy
157549 | Tomb:3   | i gotta stop staring at the loot
157573 | Tomb:3   | Noticed a greater mummy
157578 | Tomb:3   | Killed a greater mummy
157655 | Tomb:3   | Noticed a greater mummy
157656 | Tomb:3   | Noticed a greater mummy
157660 | Tomb:3   | Received a gift from Sif Muna
157662 | Tomb:3   | Killed a greater mummy
157662 | Tomb:3   | Noticed Khufu
157665 | Tomb:3   | Killed a greater mummy
157665 | Tomb:3   | Reached skill level 26 in Conjurations
157668 | Tomb:3   | Killed Khufu
157707 | Tomb:3   | Noticed a greater mummy
157712 | Tomb:3   | Noticed a greater mummy
157723 | Tomb:3   | Killed a greater mummy
157727 | Tomb:3   | Killed a greater mummy
157819 | Tomb:3   | Got a golden rune of Zot
157984 | Tomb:3   | Identified the cursed +3 lajatang "Deunar" {venom, rPois
                  | rN+ Int-2} (You found it on level 3 of the Tomb of the
                  | Ancients)
158007 | Tomb:3   | Identified the cursed +1 arbalest of Duty {flame, *Corrode
                  | rC+ Str+2 Dex+3} (You found it on level 3 of the Tomb of
                  | the Ancients)
158012 | Tomb:3   | Identified the +5 dagger "Qyesog" {pierce, rPois rF- Dex+2}
                  | (You found it on level 3 of the Tomb of the Ancients)
158029 | Tomb:3   | Identified Sif Muna's Compendium of Assistive Necromancy
158090 | Tomb:3   | Identified the cursed +2 broad axe of Disintegration
                  | {speed, rF+ Int+4} (You took it off a guardian mummy on
                  | level 3 of the Tomb of the Ancients)
158463 | Tomb:1   | Noticed a greater mummy
158467 | Tomb:1   | Killed a greater mummy
158954 | Zot:5    | Entered Level 5 of the Realm of Zot
158992 | Zot:5    | Noticed an ancient lich
158995 | Zot:5    | Killed an ancient lich
159004 | Zot:5    | Received a gift from Sif Muna
159123 | Zot:5    | Noticed an ancient lich
159223 | Zot:5    | Noticed an orb of fire
159225 | Zot:5    | Reached skill level 27 in Conjurations
159230 | Zot:5    | Killed an orb of fire
159233 | Zot:5    | Noticed an orb of fire
159234 | Zot:5    | Killed an ancient lich
159241 | Zot:5    | Killed an orb of fire
159253 | Zot:5    | Noticed an orb of fire
159260 | Zot:5    | Killed an orb of fire
159263 | Zot:5    | Noticed an orb of fire
159268 | Zot:5    | Killed an orb of fire
159356 | Zot:5    | Noticed an orb of fire
159357 | Zot:5    | Noticed an ancient lich
159359 | Zot:5    | Killed an ancient lich
159362 | Zot:5    | Killed an orb of fire
159601 | Zot:5    | Noticed an orb of fire
159605 | Zot:5    | Killed an orb of fire
159631 | Zot:5    | Noticed an orb of fire
159635 | Zot:5    | Noticed an orb of fire
159636 | Zot:5    | Killed an orb of fire
159640 | Zot:5    | Killed an orb of fire
159662 | Zot:5    | Received a gift from Sif Muna
159674 | Zot:5    | Reached skill level 25 in Fighting
159686 | Zot:5    | staves 12 full worth. this toon is no elf.
159849 | Zot:5    | Got the Orb of Zot
159917 | Zot:3    | Noticed Heocib the pandemonium lord
160135 | D:13     | Killed Juadony's ghost
160137 | D:13     | Reached skill level 25 in Spellcasting
160444 | D:1      | Noticed Jazafuwy the pandemonium lord
160457 | D:$      | Escaped with the Orb!

Skill      XL: |  1  2  3  4  5  6  7  8  9 10 11 12 13 14 15 16 17 18 19 20 21 22 23 24 25 26 27 |
---------------+----------------------------------------------------------------------------------+-----
Conjurations   | 2 3 4 5 6 7 8 10 11 12 14 15 16 17 19 20 21 27 | 27.0
Air Magic      | 1 2 3 |  3.0
Poison Magic   | 1 2 3 |  3.0
Fighting       | 1 3 4 5 6 7 8 10 11 12 13 14 15 17 25 | 25.4
Dodging        | 3 5 6 8 9 10 11 12 13 16 | 16.0
Spellcasting   | 4 5 6 9 12 13 14 15 16 17 18 25 | 25.0
Translocations | 3 |  3.0
Evocations     | 2 6 7 11 15 17 | 17.0
Long Blades    | 6 7 |  7.0
Fire Magic     | 7 8 11 13 17 18 19 20 21 23 25 26 27 | 27.0
Shields        | 4 15 | 15.0
Invocations    | 7 8 15 21 | 21.0
Summonings     | 10 11 15 | 15.0
Charms         | 5 13 | 13.1
Necromancy     | 7 21 | 21.0
Transmutations | 7 16 | 16.0
Earth Magic    | 27 | 27.0
Stealth        | 13 | 13.0
Staves         | 12 | 12.0

Action                   |  1- 3 |  4- 6 |  7- 9 | 10-12 | 13-15 | 16-18 | 19-21 | 22-24 | 25-27 || total
-------------------------+-------+-------+-------+-------+-------+-------+-------+-------+-------++-------
Melee: Hand axe          |    17 |       |       |       |       |       |       |       |       ||    17
       Tailslap          |     2 |     4 |    21 |    64 |    58 |    26 |     9 |    12 |   498 ||   694
       Unarmed           |     2 |       |       |       |       |       |       |       |       ||     2
       Short sword       |    19 |   108 |   239 |    10 |       |       |       |       |       ||   376
       Long sword        |       |       |       |   550 |   573 |   162 |    54 |    18 |    16 ||  1373
       Staff             |       |       |       |       |     6 |     9 |     5 |    48 |  1931 ||  1999
Throw: Tomahawk          |     8 |       |    13 |    23 |    12 |       |       |       |       ||    56
       Throwing net      |       |       |       |     1 |       |       |       |       |       ||     1
 Cast: Magic Dart        |    61 |    46 |   150 |   265 |     9 |       |       |       |       ||   531
       Mephitic Cloud    |       |     4 |    32 |    76 |    38 |     2 |       |       |       ||   152
       Conjure Flame     |       |     1 |    15 |    40 |    16 |       |       |       |       ||    72
       Blink             |       |       |       |    38 |    16 |    31 |     6 |    23 |    34 ||   148
       Fireball          |       |       |       |       |   345 |   527 |   197 |   128 |    19 ||  1216
       Bolt of Fire      |       |       |       |       |   203 |   212 |   275 |   509 |   500 ||  1699
       Lightning Bolt    |       |       |       |       |    28 |     5 |       |       |       ||    33
       Orb of Destructio |       |       |       |       |       |     7 |    60 |   128 |   875 ||  1070
       Ignition          |       |       |       |       |       |     5 |    50 |    41 |   186 ||   282
       Spellforged Servi |       |       |       |       |       |     2 |    28 |    28 |   452 ||   510
       Deflect Missiles  |       |       |       |       |       |       |       |     8 |    20 ||    28
       Ring of Flames    |       |       |       |       |       |       |       |     3 |       ||     3
       Fire Storm        |       |       |       |       |       |       |       |     6 |   542 ||   548
       Necromutation     |       |       |       |       |       |       |       |       |   362 ||   362
       Shatter           |       |       |       |       |       |       |       |       |   226 ||   226
       Aura of Abjuratio |       |       |       |       |       |       |       |       |    65 ||    65
       Regeneration      |       |       |       |       |       |       |       |       |    57 ||    57
       Haunt             |       |       |       |       |       |       |       |       |     6 ||     6
       Apportation       |       |       |       |       |       |       |       |       |     4 ||     4
       Passage of Golubr |       |       |       |       |       |       |       |       |     2 ||     2
Invok: Divine Energy     |       |       |       |     1 |       |       |       |       |     2 ||     3
       Channel Magic     |       |       |       |       |       |       |     3 |     3 |   117 ||   123
       Stop Divine Energ |       |       |       |       |       |       |       |       |     3 ||     3
       Forget Spell      |       |       |       |       |       |       |       |       |     1 ||     1
 Abil: Breathe Fire      |       |       |    17 |     4 |     2 |     8 |     3 |     1 |     2 ||    37
       Evoke Flight      |       |       |       |       |       |    18 |       |       |    23 ||    41
       Evoke Blink       |       |       |       |       |       |       |       |       |    70 ||    70
       End Transformatio |       |       |       |       |       |       |       |       |    23 ||    23
Evoke: Wand              |       |       |       |    15 |    12 |    10 |     1 |     3 |    65 ||   106
       Lamp of fire      |       |       |       |       |     1 |     1 |       |       |       ||     2
       Crystal ball of e |       |       |       |       |     1 |       |       |       |       ||     1
       Fan of gales      |       |       |       |       |       |     1 |       |       |     2 ||     3
       Box of beasts     |       |       |       |       |       |       |       |       |     4 ||     4
       Sack of spiders   |       |       |       |       |       |       |       |       |     4 ||     4
       Phantom mirror    |       |       |       |       |       |       |       |       |     2 ||     2
       Horn of Geryon    |       |       |       |       |       |       |       |       |     1 ||     1
  Use: Scroll            |       |       |    18 |     7 |    15 |     9 |     6 |     6 |    85 ||   146
       Potion            |       |       |       |     7 |     3 |     5 |     4 |     1 |    54 ||    74
 Stab: Confused          |       |     3 |     6 |    15 |     5 |       |       |       |       ||    29
       Distracted        |       |     1 |       |       |     2 |       |       |       |    17 ||    20
       Sleeping          |       |     2 |     5 |     2 |     2 |       |       |       |     9 ||    20
       Paralysed         |       |       |       |       |       |       |       |       |     3 ||     3
  Eat: Chunk             |     3 |     9 |    16 |    25 |   106 |    77 |    66 |    77 |    97 ||   476
       Ration            |       |       |     2 |     3 |    13 |    18 |    13 |     9 |    59 ||   117
Armor: Skin              |     9 |    22 |    67 |   172 |   242 |   196 |    37 |   122 |  1221 ||  2088
Dodge: Dodged            |    30 |    74 |   162 |   430 |   590 |   466 |   113 |   287 |  3625 ||  5777
       Deflected         |       |       |       |       |       |       |       |    58 |   182 ||   240
Block: Buckler           |       |       |       |       |   118 |   124 |    36 |    79 |   722 ||  1079
       Shield            |       |       |       |       |       |       |       |       |  1731 ||  1731
       Reflection        |       |       |       |       |       |       |       |       |     1 ||     1
       Rpst.: Long sword |       |       |       |   111 |   120 |    33 |     5 |     1 |     2 ||   272

Vault maps used:
D:1:      lightli_arrival_chessboard
D:2:      fiery_altar_vehumet, first_ration
D:3:      grunt_temple_overflow_opulence, okawaru_gym_becter,
          lemuel_crystal_altar, tso_altar
D:4:      grunt_temple_overflow_holy_war, minmay_goblin_kobold_house,
          uniq_edmund
D:5:      grunt_temple_overflow_champion_of_chaos, minmay_temple_entry_junction,
          serial_shops, shop, kennysheep_doodads, uniq_menkaure, uniq_duvessa
D:6:      serial_curves, eino_curves_01, eino_curves_04
D:7:      lemuel_mausoleum_altar_kikubaaqudgha,
          gammafunk_temple_overflow_statue, basic_altar, uniq_harold
D:8:      dpeg_oklobed_lair, the_bakery
D:9:      lemuel_blue_sif_altar, lemuel_coloured_pillars_altar, uniq_pikel
D:10:     hiddenorc1_lemuel, serial_shops, shop, kennysheep_mini,
          nicolae_shop_crystal, nicolae_trove_entry_diagonal,
          hangedman_decor_clover_reticule, grunt_ministairs_7,
          dk_yredelemnul_ordeal
D:11:     basic_altar
D:13:     gammafunk_ghost_icy, basic_altar, einodemon_crawler_minivault,
          uniq_frances
D:14:     grunt_vaults_entry_tiered, lemuel_doored_altar, aerie_lemuel
D:15:     grunt_enter_depths_snipers, roderic_lattice_a
Temple:   corrupted_temple
Lair:1:   minmay_hedge_maze, minivault_24, uniq_grum
Lair:2:   grunt_forest_large_clearing_hut
Lair:3:   minmay_shoals_entry_beasts
Lair:4:   nicolae_spider_entry_non_spiders, nicolae_volcano_entry_batcave,
          serial_bayou_ford_a
Lair:5:   uniq_rupert
Lair:6:   cheibrodos_lair_end_hotspot, minmay_slime_entry_oklob_open
Shoals:1: nicolae_shoals_c_island
Shoals:2: yaktaur_hedge, uniq_nikola
Shoals:3: nicolae_shoals_water_elemental_grotto
Shoals:4: shoals_end_simple, serial_shops, nicolae_shop_window_shopping, shop,
          shop, shop_statue, shop_statue
Spider:1: guppyfry_spider_mini_3
Spider:4: grunt_spider_rune_circles
Slime:3:  cheibrodos_slime_lost_civilization_6
Orc:1:    serial_shops, nicolae_shop_trees, shop, gammafunk_ghost_arena
Orc:2:    pubby_orc_utopia, uniq_erolcha
Elf:1:    eino_elf_arrival_the_gate, serial_shops, nicolae_shop_crystal,
          minmay_elf_crystal_heptagon, serial_sigils_hangedman_gnaw
Elf:2:    minivault_16
Elf:3:    minmay_elf_hall_quartered_circle, serial_shops, shop_fountains,
          hangedman_elven_ridges, small_statue_intersection, uniq_donald
Vaults:1: hangedman_vaults_stretched_pinwheel, v_alt_pattern_6, v_alt_pattern_4,
          ontoclasm_vaults_shuriken, vaults_room_door_hall,
          ontoclasm_vaults_eye, st_cells
Vaults:2: v_misc_10, dpeg_vaults_monster_row, grunt_vaults_hallway_long,
          nicolae_vaults_gold_heap, nicolae_vaults_theta, v_rooms_6,
          vaults_room_door_hall, nicolae_vaults_theta, grunt_vaults_funnel,
          dummy_crypt_entry, serial_shops, nicolae_shop_waterfront, uniq_jory,
          uniq_asterion
Vaults:3: ebering_vaults_ghost_disaster_area, vaults_mumra_hexcomb,
          nicolae_vaults_little_squares_3, ontoclasm_vaults_ring_small,
          hangedman_vaults_nails, hangedman_vaults_corner_blocks, v_misc_15,
          vaults_room_hallway, nicolae_vaults_little_squares_5,
          dpeg_vaults_monster_box, nicolae_vaults_rhombus_6, vaults_dpeg_cross,
          vaults_dpeg_diagonal, vaults_mumra_chevron_long, v_alt_pattern_1
Vaults:4: vaults_standard_mumra_x, grunt_vaults_hallway_short,
          ontoclasm_vaults_tryst, grunt_vaults_focal,
          ontoclasm_vaults_ring_square, ontoclasm_vaults_misaligned, v_misc_28,
          nicolae_vaults_yaktaur_gun_rack, v_misc_17, v_pattern_5,
          vaults_dpeg_ring, vaults_room_pool, nicolae_vaults_border_crossing,
          hangedman_vaults_capsules, uniq_sojobo
Vaults:5: uniq_xtahua
Crypt:1:  due_chaos_kobolds, uniq_bai_suzhen, uniq_boris
Crypt:2:  lemuel_dead_fish_pool, roderic_lattice_octagonal_star
Crypt:3:  due_elkab, serial_sigils, serial_sigils_hangedman_stare,
          serial_sigils_hangedman_gut, serial_sigils_hangedman_shear
Depths:1: hellmouth_1, minivault_16, hangedman_decor_growths,
          kennysheep_nondescript, kennysheep_generic_room_7
Depths:2: nicolae_legendary_halls, lightli_too_deep, nicolae_twisting_strands,
          special_room, kennysheep_pointless_box, minmay_misc_feat_diagonals,
          minmay_guarded_unrand_curses, infiniplex_staircase_split_hallway
Depths:3: cheibrodos_birdhouse, enter_ziggurat_e, hangedman_geh_valley,
          grunt_pan_entry_in_and_out, roderic_serpentine_path
Depths:4: lemuel_castle_with_subvaults, minivault_14, hell_entry,
          marbit_kobold_abyss_entry, feat_on_display,
          infiniplex_staircase_zigzag_4, uniq_frederick
Depths:5: evilmike_zot_entry_hall, abyss_entry, hell_entry,
          kennysheep_random_hallway
Dis:7:    iron_city_of_dis
Geh:7:    geh_mu
Coc:7:    coc_old
Tar:1:    nicolae_tar_cuneiform_city
Tar:5:    nicolae_tar_cuneiform_not, nicolae_tar_cuneiform_city
Tar:7:    tar_minmay_river
Zot:1:    hangedman_zot_wheel_spokes, grunt_megastairs_5
Zot:2:    kennysheep_blocky_room, st_stairs_11, basic_stair_grate_trap
Zot:4:    ebering_ghost_rock_garden, grunt_ministairs_7
Abyss:1:  evilmike_abyss_exit_chaos
Abyss:2:  lemuel_flamethrower_2, minivault_4, evilmike_abyss_exit_7
Abyss:3:  nicolae_abyss_rune_star_stuff, guppyfry_abyss_exit_glass_guarded,
          evilmike_abyss_exit_smiterflies, evilmike_abyss_exit_kraken,
          evilmike_abyss_exit_chaos, doesnt_abyss_rune_brain_food
Abyss:4:  evilmike_abyss_exit_14, hangedman_abyss_sting,
          gammafunk_abyss_rune_reverse_zot, evilmike_abyss_exit_3
Abyss:5:  evilmike_nicolae_abyss_rune_betentacled_crabyss,
          evilmike_abyss_exit_10, lemuel_flamethrower_2
Pan:      grunt_pan_sceptre, nicolae_pan_lom_lobonic_4, nicolae_pan_giant_door,
          evilmike_mini_pan_corridor, pan_blood_fountain,
          nicolae_pan_sigil_nadil, nicolae_pan_double_arrow,
          evilmike_mini_pan_rooms, nicolae_pan_mnolegish_1,
          nicolae_pan_hourglass, rand_demon_5, rand_demon_1,
          pan_captured_pigsty, evilmike_mnoleg_eyes, gloorx_vloq_grunt,
          evilmike_mini_pan_T, nicolae_pan_sigil_uleosi, cerebov, special_room,
          rand_demon_1, evilmike_mini_pan_possible_glass, evilmike_holy_pan,
          lom_lobon
Zig:1:    ziggurat_pillar_centre_c
Zig:12:   ziggurat_pillar_centre_oklobs
Zig:13:   ziggurat_pillar_centre_dead_trees
Zig:21:   ziggurat_pillar_centre_drop
Trove:    trove_library
Volcano:  volcano_lake

Table legend:
 A = Turns spent in this place as a percentage of turns spent in the entire game.
 B = Non-inter-level travel turns spent in this place as a percentage of non-inter-level travel turns spent in the entire game.
 C = Inter-level travel turns spent in this place as a percentage of turns spent in this place.
 D = Turns resting spent in this place as a percentage of non-inter-level travel turns spent in this place.
 E = Turns spent auto-exploring this place as a percentage of non-inter-level travel turns spent in this place.
 F = Non-inter-level travel turns spent in this place divided by the number of levels of this place that you've seen.
                   A       B       C       D       E      F
               +-------+-------+-------+-------+-------+----------------------
         Total | 100.0 | 100.0 |   8.5 |  32.7 |  39.5 | 1012.7
       Dungeon |  17.4 |  15.7 |  17.6 |  22.4 |  57.4 | 1535.0
        Temple |   0.0 |   0.0 |  24.5 |   0.0 |  78.4 |  37.0
          Lair |   6.6 |   6.2 |  13.1 |  18.6 |  60.0 | 1525.5
        Shoals |   4.6 |   4.6 |   8.0 |  42.1 |  41.2 | 1695.8
   Spider Nest |   4.6 |   4.8 |   3.8 |  47.7 |  33.2 | 1775.5
    Slime Pits |   0.9 |   1.0 |   3.3 |  47.0 |  16.7 | 283.0
  Orcish Mines |   4.5 |   4.3 |  12.4 |  25.1 |  56.9 | 3180.0
   Elven Halls |   4.0 |   3.9 |  10.2 |  22.4 |  59.8 | 1918.7
        Vaults |  10.5 |  10.1 |  11.9 |  36.4 |  48.0 | 2978.4
         Crypt |   4.3 |   4.3 |   8.5 |  42.5 |  40.1 | 2114.0
          Tomb |   2.5 |   2.6 |   3.4 |  31.9 |  30.6 | 1288.3
        Depths |  10.2 |  10.0 |   9.9 |  39.2 |  42.3 | 2934.2
          Hell |   1.0 |   1.0 |   4.1 |  39.8 |  27.3 | 1476.0
           Dis |   1.2 |   1.3 |   2.1 |  22.0 |   1.5 | 275.6
       Gehenna |   0.7 |   0.8 |   0.2 |  13.9 |   0.0 | 167.9
       Cocytus |   0.8 |   0.9 |   0.0 |   9.3 |   0.0 | 179.4
      Tartarus |   1.5 |   1.6 |   1.1 |  34.8 |   3.3 | 343.9
           Zot |   5.4 |   5.7 |   4.0 |  38.9 |  42.4 | 1667.0
         Abyss |   1.0 |   1.1 |   0.0 |  11.0 |   7.6 | 161.2
   Pandemonium |  14.0 |  15.3 |   0.0 |  40.7 |  19.2 | 1400.9
      Ziggurat |   3.2 |   3.5 |   0.0 |  22.5 |  16.7 | 190.0
         Trove |   0.1 |   0.1 |   0.0 |   0.0 |   0.0 |  89.0
       Volcano |   1.0 |   1.1 |   0.0 |  29.9 |  29.0 | 1619.0
               +-------+-------+-------+-------+-------+----------------------

Table legend:
 A = Kills in this place as a percentage of kills in entire the game.
 B = Kills by you in this place as a percentage of kills by you in the entire game.
 C = Kills by friends in this place as a percentage of kills by friends in the entire game.
 D = Other kills in this place as a percentage of other kills in the entire game.
 E = Experience gained in this place as a percentage of experience gained in the entire game.
 F = Experience gained in this place divided by the number of levels of this place that you have seen.
                   A       B       C       D       E      F
               +-------+-------+-------+-------+-------+----------------------
         Total | 100.0 | 100.0 | 100.0 | 100.0 | 100.0 | 30927.6
       Dungeon |   8.7 |  10.4 |   0.0 |  21.2 |   2.0 | 6103.9
        Temple |   0.0 |   0.0 |   0.0 |   0.0 |   0.0 |   7.0
          Lair |   2.7 |   3.2 |   0.3 |   6.1 |   0.9 | 6873.7
        Shoals |   2.3 |   2.8 |   0.0 |   0.0 |   1.6 | 17859.5
   Spider Nest |   3.3 |   3.9 |   0.1 |   3.0 |   1.7 | 18576.5
    Slime Pits |   1.6 |   1.5 |   2.0 |   0.0 |   1.5 | 13476.6
  Orcish Mines |   2.8 |   3.3 |   0.0 |  12.1 |   0.6 | 13445.5
   Elven Halls |   2.8 |   3.2 |   0.8 |   3.0 |   3.0 | 45184.0
        Vaults |   7.3 |   8.2 |   3.2 |   0.0 |   7.8 | 70250.8
         Crypt |   2.8 |   3.2 |   1.1 |   0.0 |   2.3 | 34533.3
          Tomb |   3.7 |   3.4 |   5.1 |   3.0 |   6.1 | 91300.0
        Depths |   6.9 |   7.5 |   4.1 |   3.0 |   7.9 | 71131.6
          Hell |   2.2 |   2.2 |   2.0 |   0.0 |   1.6 | 71890.0
           Dis |   3.5 |   2.9 |   6.1 |   6.1 |   3.3 | 20878.6
       Gehenna |   3.7 |   3.9 |   2.7 |   6.1 |   2.9 | 18706.6
       Cocytus |   4.4 |   4.0 |   6.5 |   3.0 |   3.5 | 22434.0
      Tartarus |   3.9 |   3.3 |   6.9 |   3.0 |   3.6 | 22809.9
           Zot |   3.5 |   3.6 |   2.8 |   3.0 |   9.1 | 82013.2
         Abyss |   3.0 |   2.6 |   5.1 |   0.0 |   2.0 | 8815.4
   Pandemonium |  15.5 |  11.2 |  35.9 |  12.1 |  16.9 | 47354.9
      Ziggurat |  15.1 |  15.1 |  15.0 |  12.1 |  21.5 | 35743.1
       Volcano |   0.3 |   0.3 |   0.3 |   3.0 |   0.1 | 5056.0
               +-------+-------+-------+-------+-------+----------------------
